Cogmind - Beta 10.2 @@@ ROGUE MODE // 2021.03.06 @ 12:09:56 Player: aperiodic Result: Destroyed by Architect with Modified Quantum Sheargun Performance ------------- Evolutions (9) 4500 Regions Visited (42) 8400 Robots Destroyed (427) 2135 Value Destroyed (17296) 17296 Prototype IDs (188) 3760 Alien Tech Used (11) 2200 Bonus (26172) 26172 TOTAL SCORE: 64463 Bonus ------- Triggered High Security 500 High Alert Combat Kills 4386 Follower Combat Kills 1688 Network Hubs Disabled 800 Aligned with FarCom 300 Met Imprinter 300 Destroyed Z-Imprinter 1000 Met Zhirov 300 MAIN.C Attacked Warlord 500 Used Core Reset Matrix 3000 Destroyed MAIN.C Guards 500 Met MAIN.C 5000 Destroyed MAIN.C Shell 5000 Destroyed MAIN.C 10000 Met Architect 300 Destroyed A8 300 Friendly Fire -7702 Cogmind --------- Core Integrity 0/1600 Matter 414/550 Energy 100/100 System Corruption 12% Temperature Cool (0) Movement Hovering (76) Location -1/Access_0 Parts ------- > --- POWER (2) -------- (None) > --- PROPULSION (4) --- Combat Antigrav System Combat Antigrav System > --- UTILITY (15) ----- Experimental Coolant Injector Zionite Metafield Generator Spectral Analyzer Experimental Signal Interpreter Surveybot 24 Chip Experimental Targeting Computer Experimental Core Analyzer Experimental Weapon Cycler > --- WEAPON (4) ------- Plasma Lance Plasma Lance > --- INVENTORY (4) ---- Experimental Matter Compressor (0) Precision Matter Filter Precision Energy Filter Experimental Phase Shifter Peak State ------------ > --- POWER ------------ Vortex Chain Reactor > --- PROPULSION ------- Combat Linear Gravjet Combat Linear Gravjet Combat Linear Gravjet Combat Linear Gravjet > --- UTILITY ---------- Experimental Power Amplifier Lightpack 2.0 Spectral Analyzer Surveybot 24 Chip Experimental Targeting Computer Experimental Armor Integrity Analyzer Experimental Weapon Cycler Experimental Utility Shielding SHELL Armor Experimental Focal Shield AEGIS Remote Shield Experimental Hacking Suite > --- WEAPON ----------- Graviton Cannon Graviton Cannon Graviton Cannon Graviton Cannon > --- INVENTORY -------- Combat Linear Gravjet Experimental Coolant Injector Experimental Energy Well Experimental Matter Compressor Zionite Metafield Generator Experimental Sensor Array Experimental Terrain Scanner Advanced Reaction Control System Experimental Phase Shifter EM Dispersion Field High-powered Transdimensional Reconstructor High-powered Transdimensional Reconstructor High-powered Transdimensional Reconstructor Core Regenerator Integrity Redistributor Integrity Redistributor Subatomic Replicator Advanced Variable Charge Gun Warp Gun Compact Tesla Bomb Launcher Kinetic Spear [Rating: 252] Favorites ----------- Power Micro Fission Core Engine Reinforced Ion Engine Power Core Micro Fission Core Reactor Compact Particle Reactor Propulsion Improved VTOL Module Treads Light Treads Leg Potential Leg Wheel Wheel Hover Unit Combat Linear Gravjet Flight Unit Improved VTOL Module Utility Experimental Hacking Suite Device Experimental Sensor Array Storage Lightpack 2.0 Processor Experimental Signal Interpreter Hackware Experimental Hacking Suite Protection Experimental Utility Shielding Artifact Stasis Generator Weapon Lance Energy Gun Advanced Variable Charge Gun Energy Cannon Latent Energy Streamer Ballistic Gun Improved KE Penetrator Ballistic Cannon Graviton Cannon Launcher Rocket Array Special Weapon Remote Datajack Impact Weapon Impact Mace Slashing Weapon Katana Piercing Weapon Lance Build | -11 -10 -10 -9 -9 -9 -8 -8 -7 -7 -7 -7 -7 -6 -6 -6 -6 -6 -6 -6 -6 -5 -5 -5 -5 -5 -5 -4 -4 -4 -4 -4 -4 -4 -3 -3 -3 -3 -2 -2 -1 -1 -1 ------- Run | Scr Mat Min Mat Min Exi Min Mat Fac Low Low Zio Dee Pro Fac Was Fac Ext Cet Arc Hub Fac Was Fac Upp Upp War Pro Fac Was Fac Upp Upp Zhi Pro Res Qua Sec Res Tes Acc Com Ac0 Slots Evolved 18 | . . . 2 . . . 2 2 . . . . . 2 . . . . . . 2 . . . . . . 2 . . . . . . 2 . . 2 . 2 . . Power 1 | . . . . . . . . 1 . . . . . . . . . . . . . . . . . . . . . . . . . . . . . . . . . . Propulsion 2 | . . . . . . . 1 1 . . . . . . . . . . . . . . . . . . . . . . . . . . . . . . . . . . Utility 13 | . . . 2 . . . 1 . . . . . . 2 . . . . . . 2 . . . . . . 2 . . . . . . 2 . . 2 . . . . Weapon 2 | . . . . . . . . . . . . . . . . . . . . . . . . . . . . . . . . . . . . . . . . 2 . . Parts Attached 822 | 7 11 11 37 10 3 7 20 34 . 1 7 42 2 13 1 74 44 39 19 53 37 2 4 6 2 11 2 4 1 18 7 3 9 3 12 19 19 23 31 10 135 29 Power 55 | 1 1 . 1 . . . 2 7 . . 1 3 . . . 6 3 5 3 . 3 . 2 . . 1 . . . . . . . . . 1 . . . . 11 4 Engine 11 | 1 1 . 1 . . . 2 1 . . 1 . . . . 3 1 . . . . . . . . . . . . . . . . . . . . . . . . . Core 21 | . . . . . . . . 6 . . . 2 . . . 1 2 2 2 . 3 . 2 . . 1 . . . . . . . . . . . . . . . . Reactor 23 | . . . . . . . . . . . . 1 . . . 2 . 3 1 . . . . . . . . . . . . . . . . 1 . . . . 11 4 Propulsion 96 | 3 2 4 3 2 2 . 3 5 . . 2 9 . 2 . 4 13 7 . 1 3 . . . . 4 . . . 1 . . . . . 3 2 3 . . 16 2 Treads 12 | . 1 2 3 2 . . 2 . . . . . . . . . . 2 . . . . . . . . . . . . . . . . . . . . . . . . Leg 23 | . . . . . 2 . 1 . . . . 4 . . . . 9 1 . . . . . . . . . . . . . . . . . . . . . . 6 . Wheel 6 | 3 1 2 . . . . . . . . . . . . . . . . . . . . . . . . . . . . . . . . . . . . . . . . Hover 17 | . . . . . . . . . . . . . . . . . . . . . . . . . . 1 . . . . . . . . . 3 2 3 . . 6 2 Flight 38 | . . . . . . . . 5 . . 2 5 . 2 . 4 4 4 . 1 3 . . . . 3 . . . 1 . . . . . . . . . . 4 . Utility 370 | 1 5 . 9 3 1 2 4 11 . 1 2 13 . 6 1 40 10 12 6 27 23 2 2 6 2 4 2 3 1 7 6 3 8 3 5 8 15 14 20 6 63 13 Device 235 | . . . 2 1 . 1 . 5 . . 1 7 . 2 1 36 7 6 4 22 15 2 1 6 1 3 . 1 . 3 3 1 4 1 5 4 12 8 16 6 37 11 Storage 23 | 1 3 . 2 . 1 . . 1 . . . 2 . . . . . 2 . 1 . . . . . 1 . . . 2 1 . 1 . . 1 . . . . 4 . Processor 14 | . . . . . . . . 1 . . . 2 . . . 1 . . . . . . . . . . . 1 . . . . . . . . . 1 . . 7 1 Hackware 22 | . . . . . . . 2 2 . . . . . 4 . 2 . . . . 7 . . . . . 1 1 . . . . . . . . . 3 . . . . Protection 75 | . 2 . 5 2 . 1 2 2 . 1 1 2 . . . 1 3 4 2 4 1 . 1 . 1 . 1 . 1 2 2 2 3 2 . 2 3 2 4 . 15 1 Artifact 1 | . . . . . . . . . . . . . . . . . . . . . . . . . . . . . . . . . . . . 1 . . . . . . Weapon 301 | 2 3 7 24 5 . 5 11 11 . . 2 17 2 5 . 24 18 15 10 25 8 . . . . 2 . 1 . 10 1 . 1 . 7 7 2 6 11 4 45 10 Energy Gun 64 | 1 1 2 12 2 . . . . . . . 7 . 1 . . . 2 1 3 2 . . . . 1 . . . 2 . . . . 1 3 1 4 10 1 7 . Energy Cannon 28 | . . . 4 1 . . . 1 . . 1 . . 1 . 9 4 . 1 3 1 . . . . . . . . . . . . . . . . . . . 2 . Ballistic Gun 61 | 1 . 3 . 1 . 3 6 3 . . . 3 . . . 1 3 7 2 8 2 . . . . . . . . 5 . . . . 3 3 . 1 . . 4 2 Ballistic Cannon 22 | . 1 . 1 . . . . . . . . . . . . . . . . . . . . . . . . . . . . . . . . . . . . 2 17 1 Launcher 50 | . . 2 7 1 . 2 5 3 . . . 4 1 . . 2 5 1 1 1 1 . . . . . . . . . 1 . . . . . . . . 1 7 5 Special Weapon 12 | . 1 . . . . . . . . . . 1 . . . . 2 3 2 2 1 . . . . . . . . . . . . . . . . . . . . . Impact Weapon 9 | . . . . . . . . 1 . . 1 2 1 3 . . . . . . . . . . . . . . . . . . . . . . . . . . 1 . Slashing Weapon 3 | . . . . . . . . 3 . . . . . . . . . . . . . . . . . . . . . . . . . . . . . . . . . . Piercing Weapon 52 | . . . . . . . . . . . . . . . . 12 4 2 3 8 1 . . . . 1 . 1 . 3 . . 1 . 3 1 1 1 1 . 7 2 Special Melee Weapon . | . . . . . . . . . . . . . . . . . . . . . . . . . . . . . . . . . . . . . . . . . . . Unidentified Prototypes 65 | . . . 1 1 . . 2 2 . . . 8 . 1 . 2 . 9 . . . . . 1 . 5 . . . 1 . . 4 . . 3 . 2 7 . 12 4 Parts Lost 69 | . . 3 2 7 . . 1 2 1 . . 3 . 1 . 2 1 . . 2 4 . . . . . . . . . . . . . . . . . . . 16 24 Power 12 | . . . . . . . . 2 . . . 1 . . . 2 1 . . . . . . . . . . . . . . . . . . . . . . . 1 5 Propulsion 12 | . . 1 1 2 . . . . . . . . . . . . . . . 1 2 . . . . . . . . . . . . . . . . . . . 4 1 Utility 22 | . . . 1 1 . . 1 . 1 . . 2 . . . . . . . 1 . . . . . . . . . . . . . . . . . . . . 4 11 Weapon 23 | . . 2 . 4 . . . . . . . . . 1 . . . . . . 2 . . . . . . . . . . . . . . . . . . . 7 7 Highest Loss Streak 16 | . . 3 2 4 . . 1 1 1 . . 3 . 1 . 1 1 . . 2 3 . . . . . . . . . . . . . . . . . . . 10 16 Average Slot Usage (%) 89 | . 96 99 98 98 80 88 88 90 89 92 91 87 84 85 86 82 88 82 92 92 91 94 94 94 94 93 94 86 94 94 94 94 94 94 94 88 86 90 90 84 82 78 Engine 2 | . 14 14 11 11 11 11 8 2 . . 4 7 7 6 6 2 1 . . . . . . . . . . . . . . . . . . . . . . . . . Core 4 | . . . . . . . . 11 15 15 9 4 7 6 6 2 1 1 6 6 10 11 11 11 11 11 11 10 10 10 10 10 10 10 9 3 . . . . . . Reactor 2 | . . . . . . . . . . . . 1 . . . 3 4 6 5 6 . . . . . . . . . . . . . . . 2 4 4 4 4 6 6 Treads 2 | . 2 5 18 22 16 . 6 . . . . . . . . . . 4 . . . . . . . . . . . . . . . . . . . . . . . . Leg 2 | . . . . . 5 22 18 . . . . 13 . . . . 16 12 . . . . . . . . . . . . . . . . . . . . . . 5 . Wheel 1 | . 25 22 3 . . . . . . . . . . . . . . . . . . . . . . . . . . . . . . . . . . . . . . . Hover 2 | . . . . . . . . . . . . . . . . . . . . . . . . . . . . . . . . . . . . 8 15 16 17 16 9 13 Flight 13 | . . . . . . . . 28 30 30 30 16 30 26 26 25 9 3 26 26 21 23 23 23 23 22 23 21 21 21 21 21 21 21 19 6 . . . . . . Device 11 | . . . 10 11 3 10 . 5 4 . . 10 15 3 6 6 7 10 17 16 5 5 5 5 5 5 5 3 5 5 5 5 5 5 13 14 14 16 21 20 23 19 Storage 8 | . 17 28 22 22 29 11 9 7 7 7 7 3 7 6 6 6 6 6 6 6 5 5 5 5 5 5 5 5 5 5 5 5 5 5 4 8 9 8 4 4 4 3 Processor 5 | . . . . . . . . 6 7 7 7 12 7 6 6 6 6 6 6 6 5 5 5 5 5 5 5 7 7 5 5 5 5 5 4 4 4 4 8 8 14 20 Hackware 10 | . . . . . . . 14 8 7 7 7 . . 21 20 19 6 4 . . 28 29 28 23 23 23 23 22 26 26 26 26 26 26 23 19 19 20 16 8 . . Protection 5 | . 7 . 10 10 3 10 12 1 . 7 7 . . . . . 11 9 8 9 . . . 4 5 4 5 5 7 9 10 9 9 10 9 8 8 8 8 8 3 3 Energy Gun 3 | . 12 9 12 13 . . . . . . . . . . . . . . . 1 3 5 5 5 5 4 5 5 5 3 . . . . 1 2 4 4 4 7 2 . Energy Cannon 1 | . . . 8 3 . . . . . . . . . . . . 2 . 5 . . . . . . . . . . . . . . . . . . . . . . . Ballistic Gun 2 | . 1 14 . 3 11 19 17 5 . . . 6 . . . . . 8 . 3 1 . . . . . . . . 2 7 5 2 . 1 1 . . . . 2 . Launcher 1 | . . . . . . 2 . 2 7 7 7 3 6 . . . . . 5 . . . . . . . . . . . 2 5 5 5 1 . . . . 3 1 . Piercing Weapon 2 | . . . . . . . . . . . . . . . . 4 2 . . 2 4 5 5 5 5 5 5 5 5 3 . . 2 5 3 3 3 3 3 4 2 4 Naked Turns . | . . . . . . . . . . . . . . . . . . . . . . . . . . . . . . . . . . . . . . . . . . . Heaviest Build 140 | 9 43 43 57 57 125 128 108 108 22 23 23 31 23 24 20 24 51 69 61 52 39 24 27 28 25 27 25 25 33 37 37 35 35 32 42 69 75 82 106 125 140 97 Greatest Support 128 | 26 20 40 40 40 60 60 77 60 24 24 24 94 24 24 23 24 93 96 40 40 39 32 32 32 32 40 40 40 40 40 40 40 40 40 44 84 101 128 128 128 128 122 Greatest Overweight (x) 17 | . 2 3 2 1 4 2 1 1 . . . 1 . . . . . . 17 2 1 . . . . . . . . . . . . . . 1 . . . . 4 1 Average Overweight (x) . | . . 1 1 1 2 1 1 . . . . . . . . . . . 6 . . . . . . . . . . . . . . . . . . . . . . . Largest Inventory Capacity 44 | 6 16 16 16 16 36 36 24 44 24 24 24 24 24 24 24 24 24 30 24 24 24 24 24 24 24 24 24 24 24 24 24 24 24 24 24 24 24 24 24 24 32 24 Average Capacity 22 | 5 10 16 16 16 29 24 24 24 24 24 24 15 24 24 24 24 24 24 24 24 24 24 24 24 24 24 24 24 24 24 24 24 24 24 24 24 24 24 24 24 24 23 Most Carried 24 | 5 11 15 16 16 16 19 24 24 24 23 24 24 24 24 24 24 24 24 24 24 22 20 24 24 24 24 24 24 22 24 24 24 24 24 24 24 24 24 24 23 24 22 Average Carried 20 | 3 7 11 15 12 12 17 23 23 24 23 23 13 24 22 23 22 23 23 23 23 18 18 20 23 24 23 23 21 21 23 23 23 23 24 22 23 23 22 23 22 18 16 Final Capacity 36 | 6 16 16 16 16 36 24 24 24 24 24 24 24 24 24 24 24 24 24 24 24 24 24 24 24 24 24 24 24 24 24 24 24 24 24 24 24 24 24 24 24 24 4 Final Carried 24 | 5 11 15 16 11 16 19 24 24 24 23 24 24 24 24 24 24 24 24 24 22 18 19 24 24 24 24 23 22 21 24 24 24 24 24 24 24 24 24 24 23 20 4 Class Distribution -------------------- 28% | Wizard-Sprinter 18% | Hauler-Mutant 13% | Mutant 9% | Hacker-Sprinter 5% | Hauler-Sprinter 3% | Scavenger-Scout 3% | Scavenger-Sprinter 3% | Machinist-Mutant Dominant Class ---------------- Mutant | -10/Materials Mutant | -10/Mines Mutant | -9/Materials Mutant | -9/Mines Hauler-Mutant | -9/Exiles Hauler-Mutant | -8/Mines Hauler-Mutant | -8/Materials Hauler-Sprinter | -7/Factory Hauler-Sprinter | -7/Lower Caves Hauler-Sprinter | -7/Lower Caves Hauler-Sprinter | -7/Zion Mutant | -7/Deep Caves Hauler-Sprinter | -6/Proximity Caves Hacker-Sprinter | -6/Factory Hacker-Sprinter | -6/Waste Hacker-Sprinter | -6/Factory Hauler-Mutant | -6/Extension Scavenger-Mutant | -6/Cetus Hauler-Mutant | -6/Archives Scavenger-Sprinter | -6/Hub_04(d) Wizard-Sprinter | -5/Factory Wizard-Sprinter | -5/Waste Wizard-Sprinter | -5/Factory Wizard-Sprinter | -5/Upper Caves Wizard-Sprinter | -5/Upper Caves Wizard-Sprinter | -5/Warlord Wizard-Sprinter | -4/Proximity Caves Wizard-Sprinter | -4/Factory Wizard-Sprinter | -4/Waste Wizard-Sprinter | -4/Factory Wizard-Sprinter | -4/Upper Caves Wizard-Sprinter | -4/Upper Caves Wizard-Sprinter | -4/Zhirov Wizard-Sprinter | -3/Proximity Caves Wizard-Sprinter | -3/Research Wizard-Sprinter | -3/Quarantine Wizard-Sprinter | -3/Section 7 Wizard-Sprinter | -2/Research Wizard-Sprinter | -2/Testing Machinist-Sprinter | -1/Access Machinist-Mutant | -1/Command Scavenger-Assassin | -1/Access_0 Resources | -11 -10 -10 -9 -9 -9 -8 -8 -7 -7 -7 -7 -7 -6 -6 -6 -6 -6 -6 -6 -6 -5 -5 -5 -5 -5 -5 -4 -4 -4 -4 -4 -4 -4 -3 -3 -3 -3 -2 -2 -1 -1 -1 ----------- Run | Scr Mat Min Mat Min Exi Min Mat Fac Low Low Zio Dee Pro Fac Was Fac Ext Cet Arc Hub Fac Was Fac Upp Upp War Pro Fac Was Fac Upp Upp Zhi Pro Res Qua Sec Res Tes Acc Com Ac0 Matter Collected 16374 | 287 162 265 606 152 . 211 772 440 . 65 50 505 69 150 . 913 795 712 294 771 446 87 . . 130 . 63 67 40 566 304 382 211 53 136 187 771 739 297 245 3907 524 Remotely 242 | . . . . . . . . . . . . . . . . . . 162 80 . . . . . . . . . . . . . . . . . . . . . . . Salvage Created 20667 | 221 228 316 1483 295 . 66 1071 393 . 22 . 200 . 229 . 1366 1126 539 484 2540 520 . 24 . . . . . . 463 63 238 239 . 136 384 198 547 653 1076 5495 52 Parts 995 | 18 15 21 106 15 . 13 63 25 . 1 . 17 . 9 . 70 31 36 26 130 28 . 6 . . . . . . 20 1 6 3 . 9 11 11 24 56 41 183 . Haulers Intercepted 21 | . . . 5 . . . 6 2 . . . . . 1 . 4 . . . . . . . . . . . . . . . . . . . 1 . 1 . 1 . . Recyclers Shooed 7 | 1 . . . 1 . 1 2 . . . . . . . . . . . . . . . . . . . . . . 1 . . . . . . . . 1 . . . Parts Field Recycled . | . . . . . . . . . . . . . . . . . . . . . . . . . . . . . . . . . . . . . . . . . . . Retrieved Matter . | . . . . . . . . . . . . . . . . . . . . . . . . . . . . . . . . . . . . . . . . . . . Parts Self-Destructed 25 | . . . . . . . . . 5 1 . . . . . . . . . . . . . . 1 10 . . . . 1 4 3 . . . . . . . . . Prevented 2 | . . . . . . . . . . . . . . . . . . . . . . . . . 2 . . . . . . . . . . . . . . . . . Kills | -11 -10 -10 -9 -9 -9 -8 -8 -7 -7 -7 -7 -7 -6 -6 -6 -6 -6 -6 -6 -6 -5 -5 -5 -5 -5 -5 -4 -4 -4 -4 -4 -4 -4 -3 -3 -3 -3 -2 -2 -1 -1 -1 ------- Run | Scr Mat Min Mat Min Exi Min Mat Fac Low Low Zio Dee Pro Fac Was Fac Ext Cet Arc Hub Fac Was Fac Upp Upp War Pro Fac Was Fac Upp Upp Zhi Pro Res Qua Sec Res Tes Acc Com Ac0 Combat Hostiles Destroyed 273 | . 6 8 34 21 . 2 14 9 . 3 . 3 . . . 14 14 7 3 26 7 . . . . . . . . 3 2 9 . . 1 . 3 3 8 13 56 4 Melee 44 | . . . . . . . . . . 1 . . . . . 7 4 . . 6 . . . . . . . . . 1 . . . . 1 . 3 2 7 1 10 1 Guns 60 | . 3 3 8 15 . . 8 1 . . . 1 . . . . 1 5 3 5 1 . . . . . . . . 2 . . . . . . . . 1 . 3 . Cannons 23 | . 3 1 8 . . . . . . . . . . . . . 1 . . . . . . . . . . . . . . . . . . . . . . . 10 . AOE 111 | . . 4 18 6 . 2 6 8 . 2 . 2 . . . 7 6 . . 8 6 . . . . . . . . . 2 9 . . . . . . . 8 14 3 Classes Destroyed 22 | 2 3 1 4 2 . . 1 1 . . . 2 . . . . . 1 . 2 . . . . . . . . . . . . . . . . . . 1 . 2 . Worker 43 | . . 1 3 . . 2 2 2 . . . . . 5 . 5 . . . 11 . . . . . . . . . 3 . . . . 1 . . 1 1 2 4 . Builder 8 | . . . . . . . . . . . . . . . . . . . . 6 . . . . . . . . . . . . . . . . . 1 . 1 . . Tunneler 20 | 6 . 5 1 . . 2 1 . . . . . . . . 2 . . . 2 1 . . . . . . . . . . . . . . . . . . . . . Hauler 21 | . . . 5 . . . 6 2 . . . . . 1 . 4 . . . . . . . . . . . . . . . . . . . 1 . 1 . 1 . . Recycler 23 | 1 1 . 2 . . . 4 1 . . . . . . . 2 1 . . 4 2 . . . . . . . . 1 . . . . . 2 . 1 . . 1 . Carrier 1 | . . . . . . . . . . . . . . . . . . 1 . . . . . . . . . . . . . . . . . . . . . . . . Mechanic 3 | . . . 1 . . . . . . . . . . . . 1 . . . . . . . . . . . . . . . . . . . . . . . . 1 . Operator 16 | . . . 4 . . . . 2 . . . . . . . 1 . . 8 1 . . . . . . . . . . . . . . . . . . . . . . Watcher 27 | . 1 . 5 . . . 1 1 . . . . . 1 . 1 1 1 . 5 3 . 1 . . . . . . . . . . . 1 . . 1 1 1 2 . Swarmer 69 | . 3 3 11 8 . 2 5 7 . 3 . . . . . 7 . 4 . . 4 . . . . . . . . . . 2 . . . . . . . 6 4 . Grunt 86 | . 3 5 14 . . . 3 . . . . . . . . . 12 . . 14 2 . . . . . . . . 1 2 7 . . . . . . . 6 17 . Brawler 5 | . . . . . . . . . . . . . . . . . . . . 1 . . . . . . . . . . . . . . . . . . . . 4 . Duelist 6 | . . . . . . . . . . . . . . . . . . . . . . . . . . . . . . . . . . . . . . . . . 6 . Protector 1 | . . . . . . . . . . . . . . . . . . . . . . . . . . . . . . . . . . . . . . . . . 1 . Researcher 1 | . . . . . . . . . . . . . . . . . . . . . . . . . . . . . . . . . . . . . . . 1 . . . Sentry 29 | . . . 9 . . . 4 . . . . . . . . 1 2 . 3 6 . . . . . . . . . 2 . . . . . . . . . . 2 . Demolisher 2 | . . . . 2 . . . . . . . . . . . . . . . . . . . . . . . . . . . . . . . . . . . . . . Hunter 13 | . . . . . . . 2 . . . . . . . . . . . . 3 1 . . . . . . . . . . . . . . . . 1 . . 6 . Programmer 35 | . . . . . . . . 2 . . . . . . . 6 . 1 . 2 . . . . . . . . . . . . . . 1 . 3 2 7 1 10 . Cetus Guard 2 | . . . . . . . . . . . . . . . . . . 2 . . . . . . . . . . . . . . . . . . . . . . . . M Guard 2 | . . . . . . . . . . . . . . . . . . . . . . . . . . . . . . . . . . . . . . . . . 2 . Enhanced Grunt 2 | . . . . . . . . . . . . . . . . . . . . . . . . . . . . . . . . . . . . . . . . . . 2 Enhanced Hunter 1 | . . . . . . . . . . . . . . . . . . . . . . . . . . . . . . . . . . . . . . . . . . 1 Combat Programmer 2 | . . . . . . . . . . . . . . . . . . . . . . . . . . . . . . . . . . . . . . . . . 2 . Protovariant P 1 | . . . . . . . . . . . . . . . . . . . . . . . . . . . . . . . . . . . . . . . 1 . . . Z-Technician 2 | . . . . . . . . . . . . 2 . . . . . . . . . . . . . . . . . . . . . . . . . . . . . . Z-Light 1 | . . . . . . . . . . . . 1 . . . . . . . . . . . . . . . . . . . . . . . . . . . . . . Assembled 14 | . . . . 10 . . . . . . . 2 . . . . . . . . . . . . . . . . . . . . . . . . . . . . 2 . Golem 1 | . . . . . . . . . . . . . . . . . . . . . . . . . . . . . . . . . . . . . . . . . 1 . Butcher 1 | . . . . . . . . . . . . 1 . . . . . . . . . . . . . . . . . . . . . . . . . . . . . . Guerrilla 1 | . . . . . . . . . . . . . . . . . . . . 1 . . . . . . . . . . . . . . . . . . . . . . Best Kill Streak 23 | 4 3 4 9 4 . 3 7 4 . 3 . 2 . 2 . 6 4 3 2 23 8 . 1 . . . . . . 2 2 6 . . 2 2 3 3 2 8 9 2 Combat Bots Only 9 | . 3 4 7 4 . 2 5 4 . 3 . 2 . . . 4 3 2 1 7 7 . . . . . . . . 1 2 6 . . 1 . 3 2 2 6 9 2 Max Kills in Single Turn 12 | 1 1 3 3 2 . 2 2 2 . 1 . 1 . 1 . 4 1 1 2 12 4 . 1 . . . . . . 1 1 3 . . 1 1 1 1 1 2 4 2 Gunslinging . | . . . . . . . . . . . . . . . . . . . . . . . . . . . . . . . . . . . . . . . . . . . Exploded 4 | . . 3 3 2 . 2 2 2 . 1 . 1 . . . 3 1 . . 3 4 . . . . . . . . . 1 3 . . . . . . . 2 3 2 Melee 1 | . . . . . . . . . . 1 . . . . . 1 1 . . 1 . . . . . . . . . 1 . . . . 1 . 1 1 1 1 1 1 Uniques/NPCs Destroyed 6 | . . . . 1 . . . . . . . 1 . . . . . 1 . . . . . . . . . . . . . . . . . . . . . . 2 1 YI-UF0 (-9/Mines) Z-Imprinter (-7/Deep Caves) A7 (-6/Cetus) MAIN.C Shell (-1/Command) MAIN.C (-1/Command) A8 (-1/Access_0) Combat | -11 -10 -10 -9 -9 -9 -8 -8 -7 -7 -7 -7 -7 -6 -6 -6 -6 -6 -6 -6 -6 -5 -5 -5 -5 -5 -5 -4 -4 -4 -4 -4 -4 -4 -3 -3 -3 -3 -2 -2 -1 -1 -1 -------- Run | Scr Mat Min Mat Min Exi Min Mat Fac Low Low Zio Dee Pro Fac Was Fac Ext Cet Arc Hub Fac Was Fac Upp Upp War Pro Fac Was Fac Upp Upp Zhi Pro Res Qua Sec Res Tes Acc Com Ac0 Damage Taken 22174 | . 176 481 794 1100 . 35 473 278 212 59 . 615 . 164 . 652 851 512 138 743 660 . 49 . . 51 63 . . 311 . 48 . . . 67 118 181 . 610 5734 6999 Core 3806 | . 8 115 139 199 . . 37 47 34 . . 112 . 26 . 173 127 14 . 114 183 . . . . . 25 . . 40 . . . . . 46 . 20 . . 753 1594 Absorbed by Shields 3927 | . . . . . . . . . . . . . . . . . 132 87 . 25 . . . . . . . . . . . . . . . . 31 188 . 248 2843 373 Reduced by Siege Mode 27 | . . . . . . . . . . . . . . . . . . 27 . . . . . . . . . . . . . . . . . . . . . . . . Core Remaining (%) 73 | 100 . 50 . . . 15 93 . . . . . 72 . . . . . . 46 . . . . . . 79 . . . . . . 96 . . 90 . 98 . . . Volleys Fired 1177 | 18 28 35 89 37 . 14 68 17 . 2 2 34 . 12 . 39 62 89 52 51 25 . 21 4 . 3 17 4 . 31 6 12 . . 5 24 11 39 77 21 201 27 Largest 4 | 2 2 2 2 2 . 2 2 2 . 1 1 2 . 1 . 1 1 2 2 2 2 . 1 1 . 1 1 1 . 2 1 1 . . 2 2 1 2 1 1 4 3 Hottest 280 | 60 100 83 131 124 . 46 50 65 . 30 65 73 . 90 . 90 90 100 80 240 80 . 80 80 . 240 240 80 . 80 80 80 . . 80 80 240 188 90 240 280 210 Shots Fired 1751 | 36 53 66 155 67 . 27 126 21 . 2 2 47 . 12 . 39 62 146 65 69 26 . 21 4 . 3 17 4 . 50 6 12 . . 7 28 11 43 77 21 389 37 Gun 1132 | 36 25 50 81 62 . 26 118 8 . . . 40 . 11 . . 7 90 65 63 17 . 21 4 . 3 17 4 . 50 . . . . 7 28 11 43 77 3 158 7 Cannon 355 | . 27 12 58 2 . . . 3 . . 2 . . 1 . 36 15 . . 4 2 . . . . . . . . . . . . . . . . . . . 178 15 Launcher 184 | . . 4 16 3 . 1 8 10 . 2 . 6 . . . 3 15 4 . 2 6 . . . . . . . . . 6 12 . . . . . . . 18 53 15 Special 80 | . 1 . . . . . . . . . . 1 . . . . 25 52 . . 1 . . . . . . . . . . . . . . . . . . . . . Kinetic 658 | 18 27 37 3 . . 26 118 8 . . . 26 . . . . 7 71 26 39 2 . . . . . . . . 38 . . . . 4 8 . 2 . . 176 22 Thermal 642 | 18 26 17 135 4 . . . 3 . . 2 11 . 1 . 36 15 71 39 24 15 . 21 4 . 3 17 4 . 12 . . . . 3 20 11 41 77 3 9 . Explosive 92 | . . 4 16 3 . 1 8 10 . 2 . 2 . . . 3 . . . 2 6 . . . . . . . . . 6 12 . . . . . . . . 2 15 Electromagnetic 318 | . . 8 1 60 . . . . . . . 4 . . . . 15 4 . 4 2 . . . . . . . . . . . . . . . . . . 18 202 . Phasic 15 | . . . . . . . . . . . . 4 . 11 . . . . . . . . . . . . . . . . . . . . . . . . . . . . Robot Hit Streak 56 | 5 10 5 13 15 . 6 14 6 . 3 . 10 . 4 . 5 13 12 7 10 5 . . . . . . . . 16 . . . . 17 4 . 9 51 56 35 6 Robot Miss Streak 6 | 1 4 4 4 4 . 3 6 2 . . . 4 . 3 . 2 6 6 3 2 2 . . . . . . . . 2 . . . . 1 1 . 2 . 1 3 5 Penetration Max 1 | . . . . . . . . . . . . . . . . . . . 1 1 . . . . . . . . . 1 . . . . . . . . . . . 1 Secondary Targets 3 | . . . . 2 . . . . . . . . . . . . . . . 1 . . . . . . . . . . . . . . . . . . . . . . Max Gunslinging Chain 1 | . . . . 1 . . . . . . . . . . . . . . . 1 . . . . . . . . . . . . . . . . . . . . . . Shots Hit Robots 1183 | 24 31 31 103 49 . 17 75 29 . 3 . 24 . 10 . 46 51 86 46 41 16 . 3 . . . . . . 42 . . 7 . 7 10 7 21 71 9 302 22 Core Hits 834 | 11 12 22 70 40 . 10 39 30 . 6 . 28 . 4 . 44 26 33 25 88 37 . 1 . . . . . . 11 6 20 4 . 4 3 4 10 25 23 154 44 Critical Hits 59 | 1 1 . 2 1 . . 1 1 . . . . . . . 3 2 4 7 7 . . . . . . . . . 4 . . 1 . 1 1 1 1 6 . 13 1 Critical Kills 19 | 1 1 . 2 . . . . . . . . . . . . 2 . 2 4 1 . . . . . . . . . 1 . . . . . . . . 1 . 4 . Critical Parts Destroyed 31 | . . . . 1 . . . 1 . . . . . . . 1 2 2 2 6 . . . . . . . . . 2 . . . . . 1 1 1 5 . 5 1 Melee Attacks 577 | . . . . . . . . 34 . 4 15 9 1 13 . 87 21 . . 25 23 . 22 2 1 . 2 6 . 37 . . 7 . 19 17 34 51 60 14 62 11 Impact 42 | . . . . . . . . . . 4 15 9 1 13 . . . . . . . . . . . . . . . . . . . . . . . . . . . . Slashing 34 | . . . . . . . . 34 . . . . . . . . . . . . . . . . . . . . . . . . . . . . . . . . . . Piercing 501 | . . . . . . . . . . . . . . . . 87 21 . . 25 23 . 22 2 1 . 2 6 . 37 . . 7 . 19 17 34 51 60 14 62 11 Sneak Attacks 54 | . . . . . . . . 5 . . . . . 4 . 13 2 . . 3 2 . . . . . . . . 7 . . . . 3 3 . 5 2 2 3 . Combat Hostiles 3 | . . . . . . . . . . . . . . . . . . . . 1 . . . . . . . . . . . . . . 1 . . . . . 1 . Follow-up Attacks . | . . . . . . . . . . . . . . . . . . . . . . . . . . . . . . . . . . . . . . . . . . . Damage Inflicted 57871 | 280 446 708 3338 1049 . 452 1836 1785 . 301 . 584 . 731 . 3775 1641 2217 1363 7084 1548 . 132 . . . . . . 1632 439 2063 693 . 538 514 366 1281 2903 1922 13334 2916 Guns 11319 | 280 195 327 1016 685 . 320 1208 143 . . . 436 . 165 . . 103 1481 1363 845 38 . . . . . . . . 445 . . . . 106 50 . 303 1418 . 291 101 Cannons 7455 | . 251 106 666 . . . . . . . . . . . . 76 96 . . 22 12 . . . . . . . . . . . . . . . . . . . 5793 433 Explosions 22565 | . . 275 1656 351 . 132 628 616 . 261 . 137 . . . 534 729 380 . 5215 930 . . . . . . . . . 439 2063 . . . . . . . 1538 4428 2253 Melee 16152 | . . . . . . . . 1026 . 40 . . . 566 . 3165 713 . . 1002 568 . 132 . . . . . . 1187 . . 693 . 432 464 366 978 1485 384 2822 129 Ramming 13 | . . . . 13 . . . . . . . . . . . . . . . . . . . . . . . . . . . . . . . . . . . . . . Kinetic 12171 | 91 251 179 22 . . 320 1208 143 . . . 436 . . . . 103 1053 533 845 38 . . . . . . . . 445 . . . . 106 50 . 22 . . 5792 534 Thermal 6710 | 189 195 203 1641 144 . . . . . . . 11 . . . 76 96 784 830 451 . . . . . . . . . . . . . . . . . 281 1418 83 308 . Explosive 10535 | . . 275 1656 243 . 132 628 616 . 261 . 132 . . . 534 . . . 533 770 . . . . . . . . . 439 2063 . . . . . . . . . 2253 Electromagnetic 12125 | . . 51 19 649 . . . . . . . 5 . . . . 729 380 . 4253 172 . . . . . . . . . . . . . . . . . . 1455 4412 . Impact 606 | . . . . . . . . . . 40 . . . 566 . . . . . . . . . . . . . . . . . . . . . . . . . . . . Slashing 1026 | . . . . . . . . 1026 . . . . . . . . . . . . . . . . . . . . . . . . . . . . . . . . . . Piercing 14520 | . . . . . . . . . . . . . . . . 3165 713 . . 1002 568 . 132 . . . . . . 1187 . . 693 . 432 464 366 978 1485 384 2822 129 Phasic 165 | . . . . . . . . . . . . . . 165 . . . . . . . . . . . . . . . . . . . . . . . . . . . . Highest Corruption 12 | . . 2 3 3 3 3 . 1 1 1 1 . . 1 7 10 . . . 12 3 . . . . . . . . . . . . . . . . 1 1 2 9 12 Average Corruption 4 | . . 2 2 3 3 3 . 1 1 1 1 . . 1 1 5 . . . 9 2 . . . . . . . . . . . . . . . . 1 1 2 6 10 Corruption Purged 25 | . . . . . . . . . . . . . . . . 18 . . . 4 3 . . . . . . . . . . . . . . . . . . . . . Effects 407 | . . 3 23 27 13 15 . 1 . . . . . . . 74 . . . 38 14 . . . . . . . . . . . . . . . . 7 3 2 166 21 Message Errors 84 | . . . 4 7 3 6 . . . . . . . . . 22 . . . 4 3 . . . . . . . . . . . . . . . . 3 . . 29 3 Matter Fused 80 | . . . 9 5 1 2 . . . . . . . . . 19 . . . 9 2 . . . . . . . . . . . . . . . . . . . 29 4 Heat Flow Errors 56 | . . 1 3 8 4 1 . . . . . . . . . 7 . . . 4 . . . . . . . . . . . . . . . . . . . 1 25 2 Energy Discharges 40 | . . 1 1 1 3 2 . . . . . . . . . 9 . . . 3 5 . . . . . . . . . . . . . . . . 1 1 1 12 . Parts Rejected 1 | . . . . . . . . . . . . . . . . . . . . . . . . . . . . . . . . . . . . . . . . . 1 . Data Loss (minor) 47 | . . 1 1 1 2 2 . 1 . . . . . . . 8 . . . 2 3 . . . . . . . . . . . . . . . . 1 2 . 20 3 Data Loss (major) 14 | . . . . . . . . . . . . . . . . 4 . . . . . . . . . . . . . . . . . . . . . . . . 10 . Misfires 7 | . . . . . . . . . . . . . . . . . . . . . . . . . . . . . . . . . . . . . . . . . 7 . Misdirections 18 | . . . . . . . . . . . . . . . . 3 . . . 12 . . . . . . . . . . . . . . . . . . . . . 3 Targeting Errors 50 | . . . 3 5 . 2 . . . . . . . . . 2 . . . 3 1 . . . . . . . . . . . . . . . . 2 . . 27 5 Weapon Failures 10 | . . . 2 . . . . . . . . . . . . . . . . 1 . . . . . . . . . . . . . . . . . . . . 6 1 Overload Shots 7 | . . . . . . . . . . . . . . . . . . . . 1 . . . . . 1 1 . . . . . . . . . 1 . . 2 1 . Effects 3 | . . . . . . . . . . . . . . . . . . . . . . . . . . . . . . . . . . . . . . . . . 3 . Meltdown 3 | . . . . . . . . . . . . . . . . . . . . . . . . . . . . . . . . . . . . . . . . . 3 . Overflow Damage 2832 | . 8 . 56 7 . . 7 192 . 7 . . . 214 . 561 17 . . 332 154 . 20 . . . . . . 311 10 133 68 . 54 . 41 187 81 197 156 19 Projectiles 127 | . 8 . 22 . . . . . . . . . . . . . . . . . . . . . . . . . . . . . . . . . . . . . 97 . Explosions 517 | . . . 34 7 . . 7 . . 7 . . . . . 11 17 . . 179 5 . . . . . . . . . 10 133 . . . . . . . 53 35 19 Melee 2188 | . . . . . . . . 192 . . . . . 214 . 550 . . . 153 149 . 20 . . . . . . 311 . . 68 . 54 . 41 187 81 144 24 . Knockbacks 19 | . 4 . . . . . . . . . . . . 1 . . . . . . . . . . . . . . . . . . . . . . . . . . 8 6 Impact 1 | . . . . . . . . . . . . . . 1 . . . . . . . . . . . . . . . . . . . . . . . . . . . . Kinetic 17 | . 3 . . . . . . . . . . . . . . . . . . . . . . . . . . . . . . . . . . . . . . . 8 6 Secondary 1 | . 1 . . . . . . . . . . . . . . . . . . . . . . . . . . . . . . . . . . . . . . . . . Self-Inflicted Damage 569 | . . 50 8 35 . . 53 . . . . . . . . . 47 20 . 208 23 . . . . . . . . . . . . . . . . . . . 125 . Shots 19 | . . 2 1 1 . . 2 . . . . . . . . . 3 1 . 4 1 . . . . . . . . . . . . . . . . . . . 4 . Rammed 4 | . . . 1 3 . . . . . . . . . . . . . . . . . . . . . . . . . . . . . . . . . . . . . . Targets Rammed 4 | . . . 1 3 . . . . . . . . . . . . . . . . . . . . . . . . . . . . . . . . . . . . . . Kicked . | . . . . . . . . . . . . . . . . . . . . . . . . . . . . . . . . . . . . . . . . . . . Crushed . | . . . . . . . . . . . . . . . . . . . . . . . . . . . . . . . . . . . . . . . . . . . Highest Temperature 455 | 40 208 225 315 251 211 169 117 96 27 86 146 164 . 66 56 393 455 270 234 270 144 . 216 96 . 268 264 104 . 104 174 111 . . . . 140 192 76 224 364 136 Average Temperature 78 | 18 53 67 81 61 98 64 31 39 12 37 63 58 . 26 29 65 162 78 91 85 39 . 100 39 . 122 64 53 . 35 80 44 . . . . 70 93 36 104 100 43 Received Heat Transfer 1974 | . 78 201 234 60 . . 108 12 36 . . 189 . . . 51 310 6 . 150 51 . 9 . . . . . . 75 . . . . . . 15 . . 42 131 216 Effects 22 | . . . 4 . . . . . . . . . . . . . 13 1 2 2 . . . . . . . . . . . . . . . . . . . . . . Shutdowns 2 | . . . . . . . . . . . . . . . . . 2 . . . . . . . . . . . . . . . . . . . . . . . . . Energy Bleed 5 | . . . 1 . . . . . . . . . . . . . 2 1 1 . . . . . . . . . . . . . . . . . . . . . . . Interference 11 | . . . 3 . . . . . . . . . . . . . 5 . 1 2 . . . . . . . . . . . . . . . . . . . . . . Matter Decay 2 | . . . . . . . . . . . . . . . . . 2 . . . . . . . . . . . . . . . . . . . . . . . . . Damage (minor) 2 | . . . . . . . . . . . . . . . . . 2 . . . . . . . . . . . . . . . . . . . . . . . . . Siege Activations 3 | . . . . . . . . . . . . . . . . . . 3 . . . . . . . . . . . . . . . . . . . . . . . . Total Turns 95 | . . . . . . . . . . . . . . . . . . 95 . . . . . . . . . . . . . . . . . . . . . . . . Longest Duration 38 | . . . . . . . . . . . . . . . . . . 38 . . . . . . . . . . . . . . . . . . . . . . . . Robots Corrupted 38 | . . . . . . . . . . . . . . . . . 2 2 . 9 . . . . . . . . . . . . . . . . . . . 6 19 . Combat Hostiles 34 | . . . . . . . . . . . . . . . . . 2 2 . 7 . . . . . . . . . . . . . . . . . . . 4 19 . Parts Fried 94 | . . . . . . . . . . . . . . 3 . . 8 1 . 21 1 . . . . . . . . . . . . . . . . . . 14 46 . Impact Corruptions 7 | . . . . . . . . . . . . . . 7 . . . . . . . . . . . . . . . . . . . . . . . . . . . . Robots Melted 1 | . . . . . . . . . . . . . . . . . . . . . . . . . . . . . . . . . . . . . . 1 . . . . Combat Hostiles 1 | . . . . . . . . . . . . . . . . . . . . . . . . . . . . . . . . . . . . . . 1 . . . . Parts Melted 18 | . . 1 9 . . . . . . . . . . . . . . . 1 . . . . . . . . . . . . . . . . . . 5 1 . 1 . Heat Transferred 9418 | 425 425 444 3330 274 . . . . . . . 37 . . . 74 111 851 1073 350 . . . . . . . . . . . . . . . . . 333 1282 50 359 . Parts Sabotaged 3 | . . . . . . . . . . . . . . . . . . . . . . . . . . . . . . . . . . . . . . . . . 3 . Parts Stolen . | . . . . . . . . . . . . . . . . . . . . . . . . . . . . . . . . . . . . . . . . . . . Parts Stripped . | . . . . . . . . . . . . . . . . . . . . . . . . . . . . . . . . . . . . . . . . . . . Power Chain Reactions 9 | . . . . 2 . . . . . . . . . . . . . . . 3 . . . . . . . . . . . . . . . . . . . 2 2 . Missiles Intercepted . | . . . . . . . . . . . . . . . . . . . . . . . . . . . . . . . . . . . . . . . . . . . Latent Energy Used 920 | . . . . . . . . . . . . . . . . . . . . 767 153 . . . . . . . . . . . . . . . . . . . . . LE Corruption 15 | . . . . . . . . . . . . . . . . . . . . 12 3 . . . . . . . . . . . . . . . . . . . . . Alert | -11 -10 -10 -9 -9 -9 -8 -8 -7 -7 -7 -7 -7 -6 -6 -6 -6 -6 -6 -6 -6 -5 -5 -5 -5 -5 -5 -4 -4 -4 -4 -4 -4 -4 -3 -3 -3 -3 -2 -2 -1 -1 -1 ------- Run | Scr Mat Min Mat Min Exi Min Mat Fac Low Low Zio Dee Pro Fac Was Fac Ext Cet Arc Hub Fac Was Fac Upp Upp War Pro Fac Was Fac Upp Upp Zhi Pro Res Qua Sec Res Tes Acc Com Ac0 Peak Influence 2541 | 35 181 205 648 262 . 221 283 767 . . . . . 143 37 637 405 799 517 2541 1274 178 80 . . . . 444 155 478 . . . . 406 201 241 483 486 695 1844 . Initial 1244 | . 22 70 . 157 . . 43 67 . . . . . . 7 25 311 203 319 . 1244 178 . . . . . . 155 108 . . . . . 144 50 2 254 225 377 . Average 238 | 20 71 67 285 95 . 135 103 430 . . . . . 72 21 279 284 529 82 476 394 47 17 . . . . 294 155 80 . . . . 92 42 104 107 363 348 1246 . Maximum Alert Level 5 | . . 1 2 1 . 1 1 3 . . . . . . . 2 2 3 2 5 4 . . . . . . 2 . 2 . . . . 2 1 1 2 2 2 5 . Low Security (%) 55 | 100 100 97 40 91 . 70 85 31 . . . . . 100 100 33 19 . 84 42 41 100 100 . . . . 28 100 99 . . . . 95 99 79 89 . . . . Level 1 17 | . . 2 23 8 . 29 14 11 . . . . . . . 44 80 18 9 2 15 . . . . . . . . . . . . . 4 . 20 7 75 66 . . Level 2 11 | . . . 35 . . . . 31 . . . . . . . 21 . 66 6 19 27 . . . . . . 71 . . . . . . . . . 3 24 33 2 . Level 3 3 | . . . . . . . . 26 . . . . . . . . . 15 . 32 10 . . . . . . . . . . . . . . . . . . . 6 . Level 4 2 | . . . . . . . . . . . . . . . . . . . . . 4 . . . . . . . . . . . . . . . . . . . 17 . Level 5 9 | . . . . . . . . . . . . . . . . . . . . 2 . . . . . . . . . . . . . . . . . . . . 71 . High Security . | . . . . . . . . . . . . . . . . . . . . . . . . . . . . . . . . . . . . . . . . . 1 . Max Security . | . . . . . . . . . . . . . . . . . . . . . . . . . . . . . . . . . . . . . . . . . . . Squads Dispatched 82 | . 2 . 3 . . . 2 9 . . . . . 1 . 9 3 . . 13 3 . . . . . . 1 . 3 . . . . 2 2 3 2 3 5 16 . Investigation 20 | . 2 . 1 . . . 1 6 . . . . . 1 . 2 1 . . 3 . . . . . . . 1 . . . . . . . . 1 . . . 1 . Extermination 26 | . . . . . . . . 2 . . . . . . . 5 . . . 2 2 . . . . . . . . 3 . . . . 2 1 1 1 2 1 4 . Reinforcement 18 | . . . 2 . . . 1 1 . . . . . . . 1 2 . . 4 1 . . . . . . . . . . . . . . 1 1 . 1 2 1 . Assault 17 | . . . . . . . . . . . . . . . . 1 . . . 3 . . . . . . . . . . . . . . . . . 1 . 2 10 . Garrison 1 | . . . . . . . . . . . . . . . . . . . . 1 . . . . . . . . . . . . . . . . . . . . . . Intercept . | . . . . . . . . . . . . . . . . . . . . . . . . . . . . . . . . . . . . . . . . . . . Construction Impeded 6 | . . . . . . . 1 . . . . . . . . . 2 . . 1 1 . . . . . . . . . . . . . . . . . . 1 . . Haulers Reinforced 2 | . . . . . . . . . . . . . . . . . . . . . . . . . . . . . . . . . . . . 1 . . . 1 . . Stealth | -11 -10 -10 -9 -9 -9 -8 -8 -7 -7 -7 -7 -7 -6 -6 -6 -6 -6 -6 -6 -6 -5 -5 -5 -5 -5 -5 -4 -4 -4 -4 -4 -4 -4 -3 -3 -3 -3 -2 -2 -1 -1 -1 --------- Run | Scr Mat Min Mat Min Exi Min Mat Fac Low Low Zio Dee Pro Fac Was Fac Ext Cet Arc Hub Fac Was Fac Upp Upp War Pro Fac Was Fac Upp Upp Zhi Pro Res Qua Sec Res Tes Acc Com Ac0 Distress Signals 59 | . 1 . 4 . . . 3 3 . . . . . 1 . 1 1 1 . 4 . . . . . 1 . . . 3 1 . . . . 3 3 1 1 2 25 . Communications Jammed . | . . . . . . . . . . . . . . . . . . . . . . . . . . . . . . . . . . . . . . . . . . . Distress Signals . | . . . . . . . . . . . . . . . . . . . . . . . . . . . . . . . . . . . . . . . . . . . Times Spotted 625 | . 18 8 50 23 . 8 26 30 15 6 . 4 . 2 5 29 25 11 26 38 23 . 7 . . 7 3 2 . 8 . 4 . . 8 10 24 16 18 24 125 22 Peak Tracking Total 30 | . 4 4 5 4 . 4 6 6 7 4 . 3 . 2 6 7 7 5 2 30 6 . 2 . . 12 4 2 . 2 1 7 . . 3 8 8 7 5 10 21 14 Tactical Retreats 65 | . 4 . 1 1 . . 1 6 2 . . . . . . 7 1 . . 3 2 . 1 . . 1 . . . 1 . 2 . . 2 3 7 4 . 2 13 1 Traps | -11 -10 -10 -9 -9 -9 -8 -8 -7 -7 -7 -7 -7 -6 -6 -6 -6 -6 -6 -6 -6 -5 -5 -5 -5 -5 -5 -4 -4 -4 -4 -4 -4 -4 -3 -3 -3 -3 -2 -2 -1 -1 -1 ------- Run | Scr Mat Min Mat Min Exi Min Mat Fac Low Low Zio Dee Pro Fac Was Fac Ext Cet Arc Hub Fac Was Fac Upp Upp War Pro Fac Was Fac Upp Upp Zhi Pro Res Qua Sec Res Tes Acc Com Ac0 Traps Triggered 30 | . 1 1 3 . . . 1 1 . . . . . 4 . 1 2 . . 1 1 . . . . . . 1 . . . . . . . . 1 1 . 1 10 . Indirectly 2 | . . . . . . . . . . . . . . . . . . . . 1 . . . . . . . . . . . . . . . . . . . . 1 . Trap Hack Attempts . | . . . . . . . . . . . . . . . . . . . . . . . . . . . . . . . . . . . . . . . . . . . Triggered . | . . . . . . . . . . . . . . . . . . . . . . . . . . . . . . . . . . . . . . . . . . . Disarmed . | . . . . . . . . . . . . . . . . . . . . . . . . . . . . . . . . . . . . . . . . . . . Reprogrammed 6 | . . . . . . . . . . . . . . . . . . . . . . . . . . . . . . . . . . . . 6 . . . . . . Reused 1 | . . . . 1 . . . . . . . . . . . . . . . . . . . . . . . . . . . . . . . . . . . . . . Traps Extracted . | . . . . . . . . . . . . . . . . . . . . . . . . . . . . . . . . . . . . . . . . . . . Installed 1 | . . . . 1 . . . . . . . . . . . . . . . . . . . . . . . . . . . . . . . . . . . . . . Triggered 14 | . . . . . . . . . 3 . . . . . . . . . . . . . . . 2 9 . . . . . . . . . . . . . . . . Machines | -11 -10 -10 -9 -9 -9 -8 -8 -7 -7 -7 -7 -7 -6 -6 -6 -6 -6 -6 -6 -6 -5 -5 -5 -5 -5 -5 -4 -4 -4 -4 -4 -4 -4 -3 -3 -3 -3 -2 -2 -1 -1 -1 ---------- Run | Scr Mat Min Mat Min Exi Min Mat Fac Low Low Zio Dee Pro Fac Was Fac Ext Cet Arc Hub Fac Was Fac Upp Upp War Pro Fac Was Fac Upp Upp Zhi Pro Res Qua Sec Res Tes Acc Com Ac0 Machines Disabled 116 | . . 4 4 1 . . 1 4 . . . 2 . . . 1 3 5 2 56 5 . . 1 . . 1 . . 2 . . . . . 4 6 . 6 . 4 4 Max in Single Turn 33 | . . 4 2 1 . . 1 2 . . . 1 . . . 1 2 1 1 33 3 . . 1 . . 1 . . 1 . . . . . 1 1 . 1 . 1 1 Garrison Access 17 | . . . . . . . 1 2 . . . . . 1 . 3 . . . 1 1 . . . . . . 2 . . . . . . 1 . . 3 1 1 . . Network Hub 4 | . . . . . . . . . . . . . . . . . . . . 4 . . . . . . . . . . . . . . . . . . . . . . Energy Cycler 5 | . . . . . . . . . . . . . . . . . 5 . . . . . . . . . . . . . . . . . . . . . . . . . Machines Sabotaged . | . . . . . . . . . . . . . . . . . . . . . . . . . . . . . . . . . . . . . . . . . . . Garrisons Compromised . | . . . . . . . . . . . . . . . . . . . . . . . . . . . . . . . . . . . . . . . . . . . Overloaded Fab Kills . | . . . . . . . . . . . . . . . . . . . . . . . . . . . . . . . . . . . . . . . . . . . Fab Network Shutdowns 5 | . . . . . . . . . . . . . . . . . . . . . 1 . . . . . . 1 . 1 . . . . 1 . . 1 . . . . Hacking | -11 -10 -10 -9 -9 -9 -8 -8 -7 -7 -7 -7 -7 -6 -6 -6 -6 -6 -6 -6 -6 -5 -5 -5 -5 -5 -5 -4 -4 -4 -4 -4 -4 -4 -3 -3 -3 -3 -2 -2 -1 -1 -1 --------- Run | Scr Mat Min Mat Min Exi Min Mat Fac Low Low Zio Dee Pro Fac Was Fac Ext Cet Arc Hub Fac Was Fac Upp Upp War Pro Fac Was Fac Upp Upp Zhi Pro Res Qua Sec Res Tes Acc Com Ac0 Machines Accessed 230 | . 8 1 12 1 2 1 12 14 . . 1 . . 12 . 24 6 . . 10 13 . 8 2 2 5 1 9 . 9 . 2 5 . 11 12 9 11 10 9 8 . Terminals 147 | . 6 . 9 . . 1 7 11 . . . . . 8 . 13 6 . . 9 8 . 5 . . . . 2 . 7 . . . . 7 10 9 8 7 8 6 . Fabricators 18 | . . . . . . . . 1 . . . . . 1 . 2 . . . . 2 . 2 . . . 1 2 . 2 . . . . 2 . . 1 2 . . . Repair Stations 16 | . 1 . 2 . . . 1 . . . . . . 2 . 4 . . . . 2 . . . . . . 1 . . . . . . . 1 . . . . 2 . Recycling Units 5 | . 1 . . . . . 1 . . . . . . . . 1 . . . . . . . . . . . 1 . . . . . . 1 . . . . . . . Scanalyzers 7 | . . . 1 . . . 2 . . . . . . . . 1 . . . . . . 1 . . . . 1 . . . . . . . 1 . . . . . . Garrison Access 16 | . . . . . . . 1 2 . . . . . 1 . 3 . . . 1 1 . . . . . . 2 . . . . . . 1 . . 2 1 1 . . Total Hacks 938 | . 25 1 37 1 2 3 31 45 . . 3 . . 41 . 76 21 . . 20 94 . 47 2 6 11 2 40 . 60 . 2 18 . 60 61 40 84 42 36 27 . Successful 703 | . 19 1 26 1 2 1 21 18 . . 3 . . 33 . 57 12 . . 7 64 . 43 2 6 11 2 33 . 51 . 2 18 . 48 58 33 64 40 19 8 . Failed 227 | . 5 . 11 . . 1 10 26 . . . . . 7 . 19 9 . . 13 29 . 3 . . . . 6 . 8 . . . . 12 3 7 20 2 17 19 . Catastrophic 37 | . . . 2 . . . . 9 . . . . . . . 4 . . . 5 8 . . . . . . . . 1 . . . . 1 . . 4 . 1 2 . Database Lockouts 8 | . 1 . . . . 1 . 1 . . . . . 1 . . . . . . 1 . 1 . . . . 1 . 1 . . . . . . . . . . . . Manual 458 | . 13 . 17 . 1 3 12 26 . . . . . 24 . 29 11 1 . 16 35 . 20 . . . . 19 . 39 . . . . 38 32 22 55 20 10 15 . Terminals 690 | . 21 . 27 . . 3 21 39 . . . . . 34 . 43 21 . . 19 69 . 31 . . . . 17 . 52 . . . . 45 53 40 74 29 33 19 . Fabricators 91 | . . . . . . . . 2 . . . . . 2 . 8 . . . . 15 . 13 . . . 2 8 . 8 . . . . 13 . . 8 12 . . . Repair Stations 49 | . 3 . 5 . . . 2 . . . . . . 4 . 13 . . . . 8 . . . . . . 4 . . . . . . . 2 . . . . 8 . Recycling Units 7 | . 1 . . . . . 1 . . . . . . . . 3 . . . . . . . . . . . 1 . . . . . . 1 . . . . . . . Scanalyzers 31 | . . . 5 . . . 5 . . . . . . . . 4 . . . . . . 3 . . . . 8 . . . . . . . 6 . . . . . . Garrison Access 24 | . . . . . . . 2 4 . . . . . 1 . 5 . . . 1 2 . . . . . . 2 . . . . . . 1 . . 2 1 3 . . Terminal Hacks 356 | . 9 1 9 1 2 1 10 7 . . 3 . . 14 . 19 8 . . 2 29 . 17 2 6 11 . 7 . 28 . 2 18 . 24 36 18 39 16 15 2 . Record 28 | . . . . . 1 . . . . . . . . . . . . . . . . . . 1 5 9 . . . . . 1 6 . 1 2 . 1 1 . . . Part Schematic 49 | . . . . . . . . 1 . . 3 . . 1 . 6 . . . . 2 . 2 . . . . 1 . 6 . . 4 . 7 5 . 9 2 . . . Robot Schematic 1 | . . . . . . . . . . . . . . . . 1 . . . . . . . . . . . . . . . . . . . . . . . . . . Robot Analysis 23 | . 2 . . . . . . 1 . . . . . 2 . 1 2 . . . 1 . . . . . . . . 1 . . 4 . 2 1 2 3 . 1 . . Prototype ID Bank 52 | . 2 . 2 . . 1 1 . . . . . . 3 . 3 2 . . 1 2 . 4 . . . . 1 . 3 . . 4 . 4 5 2 6 4 2 . . Open Door 16 | . . 1 . 1 . . . . . . . . . . . . 1 . . . . . . 1 1 2 . . . . . 1 . . 1 . 2 . 1 3 1 . Level Access Points 2 | . . . . . . . . . . . . . . . . . . . . . . . . . . . . . . . . . . . . 1 1 . . . . . Branch Access Points 7 | . . . . . . . . 1 . . . . . 1 . . . . . . . . 1 . . . . 1 . . . . . . 1 . . 1 . 1 . . Emergency Access Points 4 | . . . . . . . . . . . . . . . . . . . . . 1 . 1 . . . . . . 1 . . . . . . . . 1 . . . Machine Index 10 | . . . . . . . . 1 . . . . . . . . . . . . 1 . 1 . . . . 1 . 1 . . . . 1 1 . 1 1 1 . . Terminal Index 5 | . . . 1 . . . 1 . . . . . . . . 1 . . . . . . . . . . . . . . . . . . . . 1 1 . . . . Repair Station Index 1 | . . . . . . . . . . . . . . . . . . . . . . . . . . . . . . . . . . . . . 1 . . . . . Garrison Index 3 | . . . . . . . . . . . . . . . . 1 . . . . . . . . . . . . . . . . . . . . 1 1 . . . . Alert Level 11 | . . . 2 . . . 1 . . . . . . . . . . . . . 4 . 1 . . . . 1 . 2 . . . . . . . . . . . . Unreport Threat 27 | . 1 . 2 . . . 1 . . . . . . . . 1 1 . . . 9 . 1 . . . . . . 3 . . . . 1 4 2 1 . . . . Locate Traps 36 | . 1 . 1 . . . 3 3 . . . . . 2 . 2 1 . . 1 2 . 3 . . . . 1 . 4 . . . . 2 4 1 3 . 2 . . Reprogram Traps 1 | . . . . . . . . . . . . . . . . . . . . . . . . . . . . . . . . . . . . 1 . . . . . . Maintenance Status 4 | . . . . . . . . . . . . . . . . . . . . . . . . . . . . . . . . . . . . 3 . 1 . . . . Surveillance Status 1 | . . . . . . . . . . . . . . . . . . . . . . . . . . . . . . . . . . . . . . 1 . . . . Patrol Status 4 | . . . . . . . . . . . . . . . . . . . . . . . . . . . . 1 . . . . . . . 1 . 2 . . . . Recall Investigation 2 | . 1 . . . . . . . . . . . . 1 . . . . . . . . . . . . . . . . . . . . . . . . . . . . Recall Extermination 7 | . . . . . . . . . . . . . . . . . . . . . 2 . . . . . . . . 3 . . . . 2 . . . . . . . Recall Reinforcements 3 | . . . . . . . . . . . . . . . . 1 . . . . 1 . . . . . . . . . . . . . . 1 . . . . . . Recall Assault 3 | . . . . . . . . . . . . . . . . 1 . . . . . . . . . . . . . . . . . . . . . . . 2 . . Hauler Manifests 10 | . 1 . 1 . . . 1 . . . . . . 1 . . 1 . . . 1 . . . . . . . . . . . . . . 1 1 1 1 . . . Zone Layout 44 | . 1 . . . . . 2 . . . . . . 3 . 1 . . . . 3 . 3 . . . . . . 4 . . . . 2 6 4 7 5 3 . . EX-Prototype ID Bank 1 | . . . . . 1 . . . . . . . . . . . . . . . . . . . . . . . . . . . . . . . . . . . . . Disengage Seal 1 | . . . . . . . . . . . . . . . . . . . . . . . . . . . . . . . . . . . . . . . . . 1 . Fabricator Hacks 57 | . . . . . . . . . . . . . . 2 . 6 . . . . 9 . 8 . . . 2 4 . 4 . . . . 9 . . 6 7 . . . Network Status 2 | . . . . . . . . . . . . . . . . . . . . . . . . . . . 1 . . . . . . . . . . . 1 . . . Load Schematic 25 | . . . . . . . . . . . . . . 1 . 3 . . . . 2 . 3 . . . 1 2 . 2 . . . . 5 . . 3 3 . . . Build 30 | . . . . . . . . . . . . . . 1 . 3 . . . . 7 . 5 . . . . 2 . 2 . . . . 4 . . 3 3 . . . Repair Station Hacks 38 | . 2 . 4 . . . 2 . . . . . . 3 . 10 . . . . 8 . . . . . . 4 . . . . . . . 2 . . . . 3 . Scan Component 20 | . 1 . 2 . . . 1 . . . . . . 2 . 5 . . . . 4 . . . . . . 2 . . . . . . . 1 . . . . 2 . Repair 18 | . 1 . 2 . . . 1 . . . . . . 1 . 5 . . . . 4 . . . . . . 2 . . . . . . . 1 . . . . 1 . Recycling Unit Hacks 2 | . . . . . . . . . . . . . . . . 2 . . . . . . . . . . . . . . . . . . . . . . . . . . Report Inventory 1 | . . . . . . . . . . . . . . . . 1 . . . . . . . . . . . . . . . . . . . . . . . . . . Retrieve Matter 1 | . . . . . . . . . . . . . . . . 1 . . . . . . . . . . . . . . . . . . . . . . . . . . Scanalyzer 27 | . . . 5 . . . 3 . . . . . . . . 4 . . . . . . 3 . . . . 6 . . . . . . . 6 . . . . . . Insert Component 13 | . . . 2 . . . 1 . . . . . . . . 2 . . . . . . 1 . . . . 3 . . . . . . . 4 . . . . . . Analyze 14 | . . . 3 . . . 2 . . . . . . . . 2 . . . . . . 2 . . . . 3 . . . . . . . 2 . . . . . . Garrison Access Hacks 13 | . . . . . . . 1 1 . . . . . 1 . 2 . . . . 1 . . . . . . 2 . . . . . . 1 . . 2 1 1 . . Seal Access 13 | . . . . . . . 1 1 . . . . . 1 . 2 . . . . 1 . . . . . . 2 . . . . . . 1 . . 2 1 1 . . Unauthorized Hacks 210 | . 8 . 8 . . . 5 10 . . . . . 13 . 14 4 . . 5 17 . 15 . . . . 10 . 19 . . . . 14 14 15 17 16 3 3 . Terminals 173 | . 7 . 8 . . . 4 9 . . . . . 13 . 11 4 . . 4 12 . 11 . . . . 5 . 15 . . . . 9 14 15 15 11 3 3 . Track 71 | . 4 . 5 . . . 3 3 . . . . . 4 . 3 1 . . 1 5 . 5 . . . . 2 . 5 . . . . 4 6 6 6 5 2 1 . Assimilate 21 | . . . . . . . . 3 . . . . . . . 1 . . . 2 2 . . . . . . . . 1 . . . . 2 4 2 1 2 . 1 . Botnet 52 | . 2 . 3 . . . 1 2 . . . . . 7 . 5 2 . . 1 3 . 4 . . . . 2 . 5 . . . . 3 3 2 2 3 1 1 . Disrupt 23 | . . . . . . . . 1 . . . . . 1 . 2 1 . . . 1 . 2 . . . . . . 3 . . . . . 1 5 5 1 . . . Operators 6 | . 1 . . . . . . . . . . . . 1 . . . . . . 1 . . . . . . 1 . 1 . . . . . . . 1 . . . . Fabricators 30 | . . . . . . . . . . . . . . . . 2 . . . . 5 . 4 . . . . 4 . 4 . . . . 4 . . 2 5 . . . Report 4 | . . . . . . . . . . . . . . . . . . . . . 1 . 1 . . . . . . 1 . . . . . . . . 1 . . . Prioritize 11 | . . . . . . . . . . . . . . . . . . . . . 2 . 1 . . . . 2 . 1 . . . . 2 . . 1 2 . . . Siphon 15 | . . . . . . . . . . . . . . . . 2 . . . . 2 . 2 . . . . 2 . 2 . . . . 2 . . 1 2 . . . Repair Stations . | . . . . . . . . . . . . . . . . . . . . . . . . . . . . . . . . . . . . . . . . . . . Recycling Units 5 | . 1 . . . . . 1 . . . . . . . . 1 . . . . . . . . . . . 1 . . . . . . 1 . . . . . . . Mask 2 | . . . . . . . . . . . . . . . . 1 . . . . . . . . . . . . . . . . . . 1 . . . . . . . Tunnel 3 | . 1 . . . . . 1 . . . . . . . . . . . . . . . . . . . . 1 . . . . . . . . . . . . . . Scanalyzers . | . . . . . . . . . . . . . . . . . . . . . . . . . . . . . . . . . . . . . . . . . . . Garrison Access 2 | . . . . . . . . 1 . . . . . . . . . . . 1 . . . . . . . . . . . . . . . . . . . . . . Reprogram 1 | . . . . . . . . . . . . . . . . . . . . 1 . . . . . . . . . . . . . . . . . . . . . . Jam 1 | . . . . . . . . 1 . . . . . . . . . . . . . . . . . . . . . . . . . . . . . . . . . . Data Cores Recovered 1 | . . . 1 . . . . . . . . . . . . . . . . . . . . . . . . . . . . . . . . . . . . . . . Used . | . . . . . . . . . . . . . . . . . . . . . . . . . . . . . . . . . . . . . . . . . . . Hacking Detections 161 | . 4 . 10 . . 1 10 11 . . . . . 9 . 22 5 1 . 9 11 . 6 . . . . 4 . 6 . . . . 8 10 8 8 6 6 6 . Full Trace Events 13 | . . . 2 . . . . 5 . . . . . 1 . 2 1 . . 2 . . . . . . . . . . . . . . . . . . . . . . Feedback Events 1 | . . . . . . . . . . . . . . . . 1 . . . . . . . . . . . . . . . . . . . . . . . . . . Corruption 1 | . . . . . . . . . . . . . . . . 1 . . . . . . . . . . . . . . . . . . . . . . . . . . Feedback Blocked . | . . . . . . . . . . . . . . . . . . . . . . . . . . . . . . . . . . . . . . . . . . . Robot Schematics Acquired 1 | . . . . . . . . . . . . . . . . 1 . . . . . . . . . . . . . . . . . . . . . . . . . . Robots Built . | . . . . . . . . . . . . . . . . . . . . . . . . . . . . . . . . . . . . . . . . . . . Matter . | . . . . . . . . . . . . . . . . . . . . . . . . . . . . . . . . . . . . . . . . . . . Time . | . . . . . . . . . . . . . . . . . . . . . . . . . . . . . . . . . . . . . . . . . . . Total Robot Build Rating . | . . . . . . . . . . . . . . . . . . . . . . . . . . . . . . . . . . . . . . . . . . . Part Schematics Acquired 59 | . . . 2 . . . 1 1 . . 3 . . 1 . 8 . . . . 2 . 3 . . . . 4 . 6 . . 4 . 7 6 . 9 2 . . . Parts Built 29 | . . . . . . . . . . . . . . 1 . 4 . . . . 5 . 4 . . . . 2 . 3 . . . . 4 . . 3 3 . . . Matter 6698 | . . . . . . . . . . . . . . 285 . 498 . . . . 1240 . 927 . . . . 476 . 446 . . . . 1200 . . 714 912 . . . Time 1896 | . . . . . . . . . . . . . . 152 . 247 . . . . 218 . 329 . . . . 131 . 153 . . . . 314 . . 84 268 . . . Total Part Build Rating 193 | . . . . . . . . . . . . . . 5 . 19 . . . . 32 . 23 . . . . 12 . 24 . . . . 34 . . 18 26 . . . Parts Repaired 17 | . 1 . 2 . . . 1 . . . . . . 1 . 5 . . . . 3 . . . . . . 2 . . . . . . . 1 . . . . 1 . Time 845 | . 26 . 89 . . . 32 . . . . . . 38 . 229 . . . . 193 . . . . . . 179 . . . . . . . 33 . . . . 26 . Parts Recycled . | . . . . . . . . . . . . . . . . . . . . . . . . . . . . . . . . . . . . . . . . . . . Recycled Matter . | . . . . . . . . . . . . . . . . . . . . . . . . . . . . . . . . . . . . . . . . . . . Retrieved Matter 116 | . . . . . . . . . . . . . . . . 116 . . . . . . . . . . . . . . . . . . . . . . . . . . Retrieved Components . | . . . . . . . . . . . . . . . . . . . . . . . . . . . . . . . . . . . . . . . . . . . Parts Scanalyzed 10 | . . . 2 . . . 1 . . . . . . . . 2 . . . . . . 1 . . . . 3 . . . . . . . 1 . . . . . . Part Schematics Acquired 10 | . . . 2 . . . 1 . . . . . . . . 2 . . . . . . 1 . . . . 3 . . . . . . . 1 . . . . . . Parts Damaged 1 | . . . . . . . . . . . . . . . . . . . . . . . 1 . . . . . . . . . . . . . . . . . . . Bothacking | -11 -10 -10 -9 -9 -9 -8 -8 -7 -7 -7 -7 -7 -6 -6 -6 -6 -6 -6 -6 -6 -5 -5 -5 -5 -5 -5 -4 -4 -4 -4 -4 -4 -4 -3 -3 -3 -3 -2 -2 -1 -1 -1 ------------ Run | Scr Mat Min Mat Min Exi Min Mat Fac Low Low Zio Dee Pro Fac Was Fac Ext Cet Arc Hub Fac Was Fac Upp Upp War Pro Fac Was Fac Upp Upp Zhi Pro Res Qua Sec Res Tes Acc Com Ac0 Used RIF Installer . | . . . . . . . . . . . . . . . . . . . . . . . . . . . . . . . . . . . . . . . . . . . Robots Hacked 1 | . . . . . . . . . . . . . . . . . . . . . 1 . . . . . . . . . . . . . . . . . . . . . Non-combat 1 | . . . . . . . . . . . . . . . . . . . . . 1 . . . . . . . . . . . . . . . . . . . . . Combat . | . . . . . . . . . . . . . . . . . . . . . . . . . . . . . . . . . . . . . . . . . . . Robot Hacks Applied 1 | . . . . . . . . . . . . . . . . . . . . . 1 . . . . . . . . . . . . . . . . . . . . . find_chute 1 | . . . . . . . . . . . . . . . . . . . . . 1 . . . . . . . . . . . . . . . . . . . . . Relay Couplers Released 9 | . . . . . . . . . . . . . . . . 3 . . . 3 . . . . . . . . . . . . . . . . . 3 . . . . Machine Destruction 9 | . . . . . . . . . . . . . . . . 3 . . . 3 . . . . . . . . . . . . . . . . . 3 . . . . Robots Rewired 12 | . . . . . . . . . . . . . . 2 . . 10 . . . . . . . . . . . . . . . . . . . . . . . . . Allies Hacked 1 | . . . . . . . . . . . . . . . . . . . . 1 . . . . . . . . . . . . . . . . . . . . . . Hacks Repelled . | . . . . . . . . . . . . . . . . . . . . . . . . . . . . . . . . . . . . . . . . . . . Allies | -11 -10 -10 -9 -9 -9 -8 -8 -7 -7 -7 -7 -7 -6 -6 -6 -6 -6 -6 -6 -6 -5 -5 -5 -5 -5 -5 -4 -4 -4 -4 -4 -4 -4 -3 -3 -3 -3 -2 -2 -1 -1 -1 -------- Run | Scr Mat Min Mat Min Exi Min Mat Fac Low Low Zio Dee Pro Fac Was Fac Ext Cet Arc Hub Fac Was Fac Upp Upp War Pro Fac Was Fac Upp Upp Zhi Pro Res Qua Sec Res Tes Acc Com Ac0 Total Allies 81 | . . . . 3 . . . 1 . . 3 . . 2 . 1 15 2 . 1 2 . . . . . . . . 1 . . . . 2 2 2 1 2 . 34 7 Largest Group 13 | . . . . 3 3 3 3 1 . . 3 3 . 2 . 1 8 8 5 5 2 1 1 . . . . . . 1 . . . . 2 3 2 1 2 . 13 6 Highest-Rated Group 647 | . . . . 40 40 40 40 26 . . 95 95 . 73 . 26 356 422 219 192 20 10 10 . . . . . . 26 . . . . 52 96 88 26 52 . 647 85 Highest-Rated Ally 243 | . . . . 16 16 16 16 26 . . 42 42 . 41 . 26 156 156 94 94 10 10 10 . . . . . . 26 . . . . 26 44 44 26 26 . 243 15 Total Orders 52 | . . . . . . . . . . . . 2 . 3 . . . 4 2 12 4 . . . . . . . . 3 . . . . 6 6 . . 8 . 2 . STAY 24 | . . . . . . . . . . . . . . 2 . . . 2 1 4 2 . . . . . . . . 2 . . . . 3 3 . . 4 . 1 . FOLLOW 21 | . . . . . . . . . . . . . . 1 . . . 2 1 3 2 . . . . . . . . 1 . . . . 3 3 . . 4 . 1 . RETURN 7 | . . . . . . . . . . . . 2 . . . . . . . 5 . . . . . . . . . . . . . . . . . . . . . . Ally Attacks 488 | . . . . 6 . 32 16 . . . . 33 . 8 . . 49 44 17 38 . . . . . . . . . . . . . . . . . . . . 219 26 Total Damage 12598 | . . . . 73 . 357 138 . . . . 928 . 416 . . 1218 994 376 963 . . . . . . . . . . . . . . . . . . . . 6482 653 Kills 76 | . . . . 1 . 8 . . . . . 6 . 2 . . 9 13 1 7 . . . . . . . . . . . . . . . . . . . . 29 . Allies Corrupted 1 | . . . . . . . . . . . . . . . . . . . . . . . . . . . . . . . . . . . . . . . . . 1 . Allies Melted 1 | . . . . . . . . . . . . . . . . . 1 . . . . . . . . . . . . . . . . . . . . . . . . . Intel | -11 -10 -10 -9 -9 -9 -8 -8 -7 -7 -7 -7 -7 -6 -6 -6 -6 -6 -6 -6 -6 -5 -5 -5 -5 -5 -5 -4 -4 -4 -4 -4 -4 -4 -3 -3 -3 -3 -2 -2 -1 -1 -1 ------- Run | Scr Mat Min Mat Min Exi Min Mat Fac Low Low Zio Dee Pro Fac Was Fac Ext Cet Arc Hub Fac Was Fac Upp Upp War Pro Fac Was Fac Upp Upp Zhi Pro Res Qua Sec Res Tes Acc Com Ac0 Robot Analysis Total 22 | . 2 . . . . . . 1 . . . . . 2 . 1 2 . . . 1 . . . . . . . . 1 . . 4 . 1 1 2 3 . 1 . . Derelict Logs Recovered 15 | . . 2 . 2 . . . . . 1 1 . 1 . . . . . . . . . . 2 1 . 2 . . . 2 1 . . . . . . . . . . Drone Launches 14 | . . . . . . . . . . . . 4 . . . . . . . 10 . . . . . . . . . . . . . . . . . . . . . . Drone Recoveries 13 | . . . . . . . . . . . . 3 . . . . . . . 10 . . . . . . . . . . . . . . . . . . . . . . Exploration | -11 -10 -10 -9 -9 -9 -8 -8 -7 -7 -7 -7 -7 -6 -6 -6 -6 -6 -6 -6 -6 -5 -5 -5 -5 -5 -5 -4 -4 -4 -4 -4 -4 -4 -3 -3 -3 -3 -2 -2 -1 -1 -1 ------------- Run | Scr Mat Min Mat Min Exi Min Mat Fac Low Low Zio Dee Pro Fac Was Fac Ext Cet Arc Hub Fac Was Fac Upp Upp War Pro Fac Was Fac Upp Upp Zhi Pro Res Qua Sec Res Tes Acc Com Ac0 Turns Passed 42674 | 221 731 917 1833 1346 782 721 1669 947 74 179 295 964 166 626 17 4366 1056 746 5075 1079 1465 1496 744 485 609 270 268 353 156 1185 265 307 80 272 842 691 854 1322 1169 824 4907 300 Spaces Moved 42535 | 107 508 742 803 646 399 499 963 2254 285 546 803 1264 264 1374 71 4100 631 330 868 1669 1560 193 1119 931 748 660 326 625 166 1810 885 609 160 692 1654 1196 1060 1732 1539 1103 4182 459 Core 464 | 14 . . . . . . . . . . . . . . . . . . 440 . . . . . . . . . . . . . . . . . . . . . 10 . Treads 1780 | . 59 83 672 646 291 . . . . . . . . . . . . 29 . . . . . . . . . . . . . . . . . . . . . . . . Legs 3172 | . . . . . 108 499 963 37 . . . 320 . . . . 403 205 . . . . . . . . . . . . . . . . . . . . . . 637 . Wheels 1332 | 93 449 659 131 . . . . . . . . . . . . . . . . . . . . . . . . . . . . . . . . . . . . . . . Hover 9981 | . . . . . . . . . . . . . . . . . . . . . . . . . . . . . . . . . . . . 609 1060 1732 1539 1103 3479 459 Flight 25806 | . . . . . . . . 2217 285 546 803 944 264 1374 71 4100 228 96 428 1669 1560 193 1119 931 748 660 326 625 166 1810 885 609 160 692 1654 587 . . . . 56 . Fastest Speed 11 | 50 80 90 100 180 170 130 130 26 26 26 26 13 26 26 13 26 26 26 26 13 13 26 13 13 26 13 26 26 26 13 13 26 13 26 11 11 22 20 24 24 13 31 Average Speed 51 | 79 99 106 166 180 193 130 130 27 26 26 26 51 26 26 17 26 72 78 362 26 28 26 25 25 26 25 26 26 26 25 25 26 25 26 25 24 23 23 24 24 66 37 Slowest Speed 900 | 100 180 160 180 180 250 170 139 130 26 26 26 110 26 26 26 26 105 160 900 166 100 26 26 26 26 29 26 26 26 26 26 26 26 26 26 96 24 40 24 24 250 112 Overloaded Moves 125 | . . . . . . . . . . . . 35 . . . . 4 . . . . . . . . . . . . . . . . . 13 73 . . . . . . Propulsion Burnouts . | . . . . . . . . . . . . . . . . . . . . . . . . . . . . . . . . . . . . . . . . . . . Robots Hopped 114 | . . . . . . . . 22 2 . . . . 6 . 21 3 . 3 22 9 . 6 . . . 1 2 . 11 . . . . 5 1 . . . . . . Cave-ins Triggered . | . . . . . . . . . . . . . . . . . . . . . . . . . . . . . . . . . . . . . . . . . . . Teleports 1 | . . . . . . . . . . . . . . . . . . . . . . . . . . . . . . . . . . . . . . . . . 1 . Exploration Rate (%) 61 | 4 87 97 77 85 70 88 60 48 56 63 85 78 49 21 79 61 63 49 94 85 22 87 21 83 70 76 37 17 80 29 88 74 60 83 28 68 48 38 93 23 90 38 Regions Visited 42 Branch Regions 26 Pre-discovered Areas 12 | . 1 . . 2 1 . 1 . . . 2 . . . . . . . . . . . . . . . . 1 . . . 1 3 . . . . . . . . . Known Exits Taken 29 | . . . 1 . . 1 . 1 1 1 1 1 1 . . 1 1 1 1 1 . . 1 1 1 1 1 . . 1 1 1 1 1 1 1 1 1 1 1 . . Unknown Exits Taken 7 | 1 1 1 . 1 1 . 1 . . . . . . . . . . . . . . . . . . . . . . . . . . . . . . . . . 1 . Scrap Searched 26 | . . 1 . 1 . 1 . . . 1 4 . 3 . . . . . . . . . . . 4 . 2 . . . 5 2 . 2 . . . . . . . . Spaces Dug 277 | . 1 . . . . . . 9 . . 4 9 1 10 . 47 3 . . 18 11 . 14 1 1 2 6 6 . 17 . . . . 14 12 16 40 19 9 5 2 Terrain Destroyed 2154 | . 1 15 110 42 . 7 66 62 . 16 4 21 1 14 . 96 13 4 12 745 130 . 27 4 1 2 11 9 . 35 87 178 . . 14 14 18 55 31 28 57 224 Melee 206 | . . . . . . . . 9 . . 4 . 1 7 . 30 1 . . 8 9 . 13 1 1 . 1 6 . 16 . . . . 13 8 13 36 13 9 5 2 Projectile 246 | . 1 . 1 . . . . 1 . . . 14 . 7 . 32 12 4 12 27 10 . 14 3 . 2 10 3 . 19 . . . . 1 6 5 19 18 2 17 6 AOE 1702 | . . 15 109 42 . 7 66 52 . 16 . 7 . . . 34 . . . 710 111 . . . . . . . . . 87 178 . . . . . . . 17 35 216 Terrain Rammed . | . . . . . . . . . . . . . . . . . . . . . . . . . . . . . . . . . . . . . . . . . . . Walls Destroyed . | . . . . . . . . . . . . . . . . . . . . . . . . . . . . . . . . . . . . . . . . . . . Machines Disabled . | . . . . . . . . . . . . . . . . . . . . . . . . . . . . . . . . . . . . . . . . . . . Actions | -11 -10 -10 -9 -9 -9 -8 -8 -7 -7 -7 -7 -7 -6 -6 -6 -6 -6 -6 -6 -6 -5 -5 -5 -5 -5 -5 -4 -4 -4 -4 -4 -4 -4 -3 -3 -3 -3 -2 -2 -1 -1 -1 --------- Run | Scr Mat Min Mat Min Exi Min Mat Fac Low Low Zio Dee Pro Fac Was Fac Ext Cet Arc Hub Fac Was Fac Upp Upp War Pro Fac Was Fac Upp Upp Zhi Pro Res Qua Sec Res Tes Acc Com Ac0 Total 60778 | 207 673 804 1148 758 412 543 1281 2481 282 574 861 1521 358 1600 75 7179 1125 614 2724 2150 2494 1639 1511 1166 1159 755 486 800 278 2404 909 741 185 781 2034 1540 1601 2523 2167 1618 6063 554 Wait 15012 | 69 112 10 168 61 . 20 189 122 . 22 29 97 92 187 1 2875 354 121 1777 373 848 1440 344 220 409 66 141 156 111 509 6 116 . 87 336 255 452 659 430 470 1278 . Move 42276 | 106 507 741 802 645 398 498 962 2210 280 545 802 1263 263 1362 70 4057 624 329 861 1627 1543 192 1106 930 747 659 323 621 165 1791 884 608 159 691 1643 1193 1059 1731 1538 1102 4180 459 Hop 105 | . . . . . . . . 21 2 . . . . 6 . 21 3 . 3 19 8 . 6 . . . 1 2 . 7 . . . . 5 1 . . . . . . Pick Up 391 | 6 11 7 25 1 7 4 23 22 . . 3 40 . 5 1 16 5 13 5 1 8 3 7 2 . 3 . 5 . 7 3 1 2 . 8 13 8 10 9 1 87 19 Fast Attach 87 | 6 1 . 5 . . . 5 3 . . 1 10 . . . 2 3 8 1 . . . . . . 7 . . . . . . 6 . . 3 6 4 9 . 7 . Attach 242 | . 2 3 6 6 3 1 3 12 . 1 . 15 . 3 . 11 2 8 5 3 11 2 1 1 . . . 3 1 . . . . . 3 6 3 6 2 2 87 30 Detach 50 | . . . . . . . . 2 . . . 7 . . . 3 . 2 2 . 2 . . . . 2 . . . . . . . . . 2 3 1 2 . 19 3 Swap 511 | 1 8 8 26 4 . 6 12 19 . . 6 17 2 10 1 61 39 23 13 50 26 . 3 6 2 4 2 1 . 18 7 3 4 3 9 12 15 13 20 8 46 3 Drop 309 | 1 4 . 26 . 4 . 19 19 . . 3 28 . . 2 7 6 21 5 1 . 2 1 1 . 11 . 2 1 4 3 1 7 . 6 14 10 9 20 . 69 2 Fire 1177 | 18 28 35 89 37 . 14 68 17 . 2 2 34 . 12 . 39 62 89 52 51 25 . 21 4 . 3 17 4 . 31 6 12 . . 5 24 11 39 77 21 201 27 Melee 577 | . . . . . . . . 34 . 4 15 9 1 13 . 87 21 . . 25 23 . 22 2 1 . 2 6 . 37 . . 7 . 19 17 34 51 60 14 62 11 Ram . | . . . . . . . . . . . . . . . . . . . . . . . . . . . . . . . . . . . . . . . . . . . Kick . | . . . . . . . . . . . . . . . . . . . . . . . . . . . . . . . . . . . . . . . . . . . Crush 4 | . . . 1 3 . . . . . . . . . . . . . . . . . . . . . . . . . . . . . . . . . . . . . . Escape Stasis 32 | . . . . . . . . . . . . . . . . . 6 . . . . . . . . . . . . . . . . . . . . . . . 26 . Rewire 4 | . . . . . . . . . . . . 1 . 2 . . . . . . . . . . . . . . . . . . . . . . . . . . 1 . Trap 1 | . . . . 1 . . . . . . . . . . . . . . . . . . . . . . . . . . . . . . . . . . . . . . Miscellaneous . | . . . . . . . . . . . . . . . . . . . . . . . . . . . . . . . . . . . . . . . . . . . Route ------- -11/Scrapyard -10/Materials (discovered 4 exits: *Mat x3 / *Min) -10/Mines (discovered 2 exits: *Mat x2) -9/Materials (discovered 6 exits: *Mat x3 / *Min x2 / *Sto) -9/Mines (discovered 4 exits: *Mat x2 / *Exi / *Zio) -9/Exiles (discovered 2 exits: *Min x2) -8/Mines (discovered 2 exits: *Mat x2) -8/Materials (discovered 2 exits: *Fac x2) -7/Factory (discovered 4 exits: *Fac x2 / *Low x2) -7/Lower Caves -7/Lower Caves (discovered 2 exits: *Fac / *Zio) -7/Zion (discovered 2 exits: *Dee / [*Pro]) -7/Deep Caves -6/Proximity Caves -6/Factory (discovered 4 exits: Low x2 / Ext x2) -6/Waste -6/Factory (discovered 7 exits: *Fac x3 / *Low x2 / *Ext x2) -6/Extension (discovered 2 exits: *Fac / *Cet) -6/Cetus -6/Archives (discovered 3 exits: *Fac / *Hub x2) -6/Hub_04(d) (discovered 3 exits: *Fac x3) -5/Factory -5/Waste -5/Factory (discovered 2 exits: *Upp x2) -5/Upper Caves -5/Upper Caves -5/Warlord -4/Proximity Caves -4/Factory (discovered 3 exits: Res / Upp x2) -4/Waste -4/Factory (discovered 2 exits: *Res / *Upp) -4/Upper Caves -4/Upper Caves (discovered 2 exits: *Res / *Zhi) -4/Zhirov -3/Proximity Caves -3/Research (discovered 5 exits: *Res x2 / Arm / *Qua x2) -3/Quarantine (discovered 2 exits: *Res / *Sec) -3/Section 7 -2/Research (discovered 2 exits: *Tes x2) -2/Testing -1/Access -1/Command (discovered 3 exits: [*Sur x2] / [*Ac0]) -1/Access_0 History --------- Turn | Location | Event 6 | -11/Scrapyard | Discovered new exit (range 15) 222 | -11/Scrapyard | Entered Materials 321 | -10/Materials | Build established: Mutant 340 | -10/Materials | Central database locked down 502 | -10/Materials | Discovered new exit (range 16) 590 | -10/Materials | Discovered new exit (range 7) 626 | -10/Materials | Repaired Lgt. Armor Plating 796 | -10/Materials | Discovered new exit (range 4) 847 | -10/Materials | Discovered new exit (range 12) 953 | -10/Materials | Entered Mines 961 | -10/Mines | Learned 2 Materials zone layouts 1049 | -10/Mines | Learned Materials terminal intel 1132 | -10/Mines | Lost 3 parts (1n2w) 1271 | -10/Mines | Met a Derelict who couldn't figure out how to use a Trap Extractor 1351 | -10/Mines | Discovered new exit (range 5) 1418 | -10/Mines | Received a Rocket Launcher from a helpful Derelict 1443 | -10/Mines | Discovered new exit (range 9) 1870 | -10/Mines | Entered Materials 1870 | -9/Materials | Evolved 2 slots: Utility x2 1871 | -9/Materials | Identified exit to Mines 1871 | -9/Materials | Identified exit to Materials 1871 | -9/Materials | Identified exit to Storage 1872 | -9/Materials | Loaded intel: 12 terminal locations 1946 | -9/Materials | Repaired Electrolaser 2412 | -9/Materials | Discovered exit to Materials (range 3) 2675 | -9/Materials | Repaired Adv. Beam Cannon? 3058 | -9/Materials | Destroyed 7 combat bots 3557 | -9/Materials | Discovered exit to Materials (range 15) 3637 | -9/Materials | Discovered exit to Mines (range 16) 3703 | -9/Materials | Entered Mines 3784 | -9/Mines | Discovered exit to Materials (range 3) 3787 | -9/Mines | Learned location of Storage (-9) 3917 | -9/Mines | Deemed a non-threat by the Exiles lab entrance 3917 | -9/Mines | Discovered new exit (range 5) 4033 | -9/Mines | A Derelict revealed a hidden shortcut to a safe place 4040 | -9/Mines | Assembled infested the area 4065 | -9/Mines | Found a hidden stash of uninstalled traps 4142 | -9/Mines | Core integrity fell below 50% 4174 | -9/Mines | Destroyed YI-UF0 4193 | -9/Mines | Lost 4 parts (1n1u2w) 4259 | -9/Mines | Core integrity fell below 20% 4429 | -9/Mines | Learned location of Zion (-7) 4722 | -9/Mines | Found the Drone Emporium 4728 | -9/Mines | Found Prototype Device 4729 | -9/Mines | Identified Thief Drone Bay 4826 | -9/Mines | Assisted by bots powering up and referring to "LRC-V3" 5049 | -9/Mines | Entered Exiles 5049 | -9/Exiles | Accompanied by 3 allies 5073 | -9/Exiles | Discovered new exit (range 15) 5098 | -9/Exiles | Met 8R-AWN 5123 | -9/Exiles | Met EX-HEX 5224 | -9/Exiles | Met EX-DEC 5329 | -9/Exiles | Discovered new exit (range 10) 5540 | -9/Exiles | Met EX-BIN 5571 | -9/Exiles | Aligned with FarCom system 5573 | -9/Exiles | Given EX-Vault access code 5599 | -9/Exiles | Build established: Hauler-Mutant 5623 | -9/Exiles | Opened EX-Vault 5639 | -9/Exiles | Found Lightpack 2.0 5643 | -9/Exiles | Found Potential Leg 5648 | -9/Exiles | Found Potential Leg 5658 | -9/Exiles | Found Latent Energy Streamer 5698 | -9/Exiles | Warned to stay clear of 0b10 Research branches 5831 | -9/Exiles | Stole three prototypes: Potential Leg, Lightpack 2.0, Latent Energy Streamer 5831 | -9/Exiles | Entered Mines 5831 | -8/Mines | Accompanied by 3 allies 5851 | -8/Mines | Central database locked down 6029 | -8/Mines | Discovered exit to Materials (range 5) 6467 | -8/Mines | Discovered exit to Materials (range 11) 6552 | -8/Mines | Entered Materials 6552 | -8/Materials | Accompanied by 3 allies 6552 | -8/Materials | Evolved 2 slots: Propulsion x1, Utility x1 6929 | -8/Materials | Repaired Rnf. Ion Engine 7226 | -8/Materials | Found Prototype Launcher 7227 | -8/Materials | Identified Rocket Array 8012 | -8/Materials | Discovered new exit (range 16) 8155 | -8/Materials | Discovered new exit (range 15) 8221 | -8/Materials | Entered Factory 8221 | -7/Factory | Evolved 2 slots: Power x1, Propulsion x1 8223 | -7/Factory | FarCom data flow suspended 8573 | -7/Factory | Build established: Hauler-Sprinter 8602 | -7/Factory | Discovered new exit (range 4) 8602 | -7/Factory | Identified exit to Factory 9017 | -7/Factory | Identified exit to Lower Caves 9150 | -7/Factory | Discovered exit to Factory (range 5) 9160 | -7/Factory | Central database locked down 9168 | -7/Factory | Entered Lower Caves 9168 | -7/Lower Caves | Spotted 3F-OFM(f) 9169 | -7/Lower Caves | Encountered a Master Thief 9169 | -7/Lower Caves | Spotted Q9-MY2(f) 9170 | -7/Lower Caves | Encountered a Master Thief 9177 | -7/Lower Caves | Encountered a Warlord checkpoint 9241 | -7/Lower Caves | Discovered new exit (range 5) 9242 | -7/Lower Caves | Identified exit to Lower Caves 9242 | -7/Lower Caves | Entered another Lower Caves area 9246 | -7/Lower Caves | Discovered exit to Factory (range 10) 9249 | -7/Lower Caves | Encountered a Warlord checkpoint 9276 | -7/Lower Caves | Learned Factory stockpile data 9377 | -7/Lower Caves | Spotted IK-EU1(f) 9377 | -7/Lower Caves | Spotted IJ-N3T(f) 9378 | -7/Lower Caves | Spotted EF-01G(f) 9378 | -7/Lower Caves | Spotted 6Y-KXX(f) 9380 | -7/Lower Caves | Encountered a Master Thief 9380 | -7/Lower Caves | Encountered a Master Thief 9381 | -7/Lower Caves | Encountered a Master Thief 9383 | -7/Lower Caves | Encountered a Master Thief 9420 | -7/Lower Caves | Discovered new exit (range 5) 9421 | -7/Lower Caves | Identified exit to Zion 9421 | -7/Lower Caves | Entered Zion 9440 | -7/Zion | Discovered new exit (range 14) 9463 | -7/Zion | System corruption cleaned by Quarantine Array 9483 | -7/Zion | Gained Derelict followers 9487 | -7/Zion | Learned location of Data Miner (-6) 9527 | -7/Zion | Learned Factory emergency access door positions 9568 | -7/Zion | Learned Factory scanalyzer intel 9685 | -7/Zion | Discovered new exit (range 3) 9686 | -7/Zion | Identified exit to Deep Caves 9716 | -7/Zion | Entered Deep Caves 9716 | -7/Deep Caves | Accompanied by 3 allies 9938 | -7/Deep Caves | Attacked by Z-Imprinter 9954 | -7/Deep Caves | Allies destroyed Z-Imprinter 9996 | -7/Deep Caves | Found Prototype Protection 9996 | -7/Deep Caves | Identified Zio. Weapon Casing 10002 | -7/Deep Caves | Lost 3 parts (1p2u) 10013 | -7/Deep Caves | Found Prototype Device 10013 | -7/Deep Caves | Identified Zio. Metafield Generator 10093 | -7/Deep Caves | Build established: Mutant 10231 | -7/Deep Caves | Found Surveybot 24 Chip 10404 | -7/Deep Caves | Z-Facility disabled 10678 | -7/Deep Caves | Discovered new exit (range 6) 10680 | -7/Deep Caves | Identified exit to Proximity Caves 10680 | -7/Deep Caves | Entered Proximity Caves 10709 | -6/Proximity Caves | Learned Factory interactive machine intel 10709 | -6/Proximity Caves | Discovered exit to Factory (range 11) 10846 | -6/Proximity Caves | Entered Factory 10846 | -6/Factory | Evolved 2 slots: Utility x2 10849 | -6/Factory | Loaded intel: 48 interactive machine locations 10850 | -6/Factory | Loaded intel: 4 scanalyzer locations 10877 | -6/Factory | Identified exit to Lower Caves 10877 | -6/Factory | Identified exit to Extension 11104 | -6/Factory | Central database locked down 11152 | -6/Factory | Build established: Hacker-Sprinter 11257 | -6/Factory | Repaired Broken Imp. VTOL Module? 11397 | -6/Factory | Fabricated Exp. Sensor Array (x1) 11472 | -6/Factory | Sucked down chute 11472 | -6/Factory | Entered Waste 11476 | -6/Waste | Spotted C-40 Crusher 11479 | -6/Waste | Spotted C-40 Crusher 11479 | -6/Waste | Spotted C-40 Crusher 11479 | -6/Waste | Spotted C-40 Crusher 11481 | -6/Waste | Spotted C-40 Crusher 11481 | -6/Waste | Spotted C-40 Crusher 11483 | -6/Waste | Discovered new exit (range 15) 11487 | -6/Waste | EMP discharged 11489 | -6/Waste | Identified exit to Factory 11489 | -6/Waste | Entered Factory 11539 | -6/Factory | Repaired Lance 11737 | -6/Factory | Discovered exit to Extension (range 9) 12518 | -6/Factory | Build established: Hacker-Mutant 12677 | -6/Factory | System corruption reached 10% 12801 | -6/Factory | Repaired Adv. Reaction Control System 12856 | -6/Factory | Repaired Imp. VTOL Module 13156 | -6/Factory | Build established: Hacker-Sprinter 14683 | -6/Factory | Discovered new exit (range 5) 14684 | -6/Factory | Identified exit to Factory 14807 | -6/Factory | Discovered exit to Factory (range 4) 15053 | -6/Factory | Found Exp. Signal Interpreter 15115 | -6/Factory | Discovered exit to Lower Caves (range 12) 15226 | -6/Factory | Discovered exit to Lower Caves (range 11) 15245 | -6/Factory | Discovered exit to Factory (range 13) 15321 | -6/Factory | Repaired Adv. Reaction Control System? 15446 | -6/Factory | Repaired Imp. VTOL Module 15725 | -6/Factory | Fabricated Hvy. Shock Bomb Launcher (x1) 15769 | -6/Factory | Fabricated Powered Armor (x2) 15801 | -6/Factory | Fabricated Exp. Utility Shielding (x1) 15853 | -6/Factory | Discovered exit to Extension (range 9) 15855 | -6/Factory | Entered Extension 16162 | -6/Extension | Rescued a captive Derelict 16413 | -6/Extension | Build established: Hauler-Sprinter 16418 | -6/Extension | Rescued a captive Derelict 16421 | -6/Extension | Rescued a captive Derelict 16527 | -6/Extension | Energy Cycler disabled 16531 | -6/Extension | Rescued a captive Derelict 16532 | -6/Extension | Rescued a captive Derelict 16633 | -6/Extension | Rescued A7 16879 | -6/Extension | Discovered exit to Factory (range 10) 16880 | -6/Extension | Discovered new exit (range 6) 16885 | -6/Extension | Identified exit to Cetus 16911 | -6/Extension | Entered Cetus 16911 | -6/Cetus | Accompanied by 8 allies (A7) 16916 | -6/Cetus | Acquired a Cetus Manufacturing Module code from A7 16928 | -6/Cetus | Spotted Cetus Guard 16928 | -6/Cetus | Spotted Cetus Guard 16930 | -6/Cetus | Spotted Cetus Guard 16932 | -6/Cetus | Spotted Cetus Guard 16940 | -6/Cetus | Destroyed Cetus Guard 16941 | -6/Cetus | Destroyed Cetus Guard 16943 | -6/Cetus | Allies destroyed Cetus Guard 16946 | -6/Cetus | Allies destroyed Cetus Guard 17004 | -6/Cetus | Started Cetus Manufacturing Module 17029 | -6/Cetus | Manufactured an Enhanced Grunt 17054 | -6/Cetus | Manufactured an Enhanced Grunt 17056 | -6/Cetus | Cetus Manufacturing Module disabled 17102 | -6/Cetus | Found Prototype Device 17102 | -6/Cetus | Identified Exp. Thermal Shield 17146 | -6/Cetus | Discovered new exit (range 15) 17382 | -6/Cetus | Build established: Scavenger-Mutant 17480 | -6/Cetus | Destroyed A7 17485 | -6/Cetus | Extracted ID and sensor layout for unrecognized location from A7's data core 17495 | -6/Cetus | Found Prototype Protection 17497 | -6/Cetus | Identified Med. Regenerative Plating 17625 | -6/Cetus | Identified exit to Archives 17657 | -6/Cetus | Entered Archives 17657 | -6/Archives | Accompanied by 5 allies 17766 | -6/Archives | Discovered new exit (range 16) 17809 | -6/Archives | Discovered exit to Factory (range 16) 18082 | -6/Archives | Build established: Scavenger-Sprinter 18144 | -6/Archives | Discovered new exit (range 16) 18464 | -6/Archives | Build established: Hauler-Mutant 22586 | -6/Archives | Identified exit to Hub_04(d) 22732 | -6/Archives | Entered Hub_04(d) 22732 | -6/Hub_04(d) | Accompanied by 4 allies 22866 | -6/Hub_04(d) | Build established: Scavenger-Sprinter 23113 | -6/Hub_04(d) | Discovered exit to Factory (range 14) 23248 | -6/Hub_04(d) | Destroyed 7 combat bots 23308 | -6/Hub_04(d) | Discovered exit to Factory (range 5) 23348 | -6/Hub_04(d) | Discovered exit to Factory (range 4) 23524 | -6/Hub_04(d) | Garrison activated, responded to threat 23782 | -6/Hub_04(d) | First assault squad dispatched 23786 | -6/Hub_04(d) | Network Hub disabled 23789 | -6/Hub_04(d) | Network Hub disabled 23802 | -6/Hub_04(d) | Network Hub disabled 23802 | -6/Hub_04(d) | Network Hub disabled 23803 | -6/Hub_04(d) | Core integrity fell below 50% 23811 | -6/Hub_04(d) | Entered Factory 23811 | -5/Factory | Evolved 2 slots: Utility x2 24086 | -5/Factory | Repaired Mic. Fission Core 24136 | -5/Factory | Central database locked down 24215 | -5/Factory | Fabricated Cld. Nuclear Pulse Thruster? 24261 | -5/Factory | Lost 3 parts (2n1w) 24266 | -5/Factory | Destroyed 7 combat bots 24281 | -5/Factory | Discovered new exit (range 15) 24310 | -5/Factory | Fabricated Cld. Nuclear Pulse Thruster (x1) 24354 | -5/Factory | Fabricated Cld. Nuclear Pulse Thruster (x1) 24446 | -5/Factory | Fabricated Exp. Hacking Suite? 24478 | -5/Factory | Repaired Imp. KE Penetrator? 24518 | -5/Factory | Repaired Mic. Fission Core 24673 | -5/Factory | Build established: Wizard-Sprinter 24887 | -5/Factory | Fabricated Exp. Hacking Suite? 25218 | -5/Factory | Local fabrication network quarantined 25276 | -5/Factory | Manually triggered Chute Trap 25276 | -5/Factory | Sucked down chute 25276 | -5/Factory | Entered Waste 25276 | -5/Waste | The area was eerily silent 25285 | -5/Waste | 1 allies followed down the chute 25318 | -5/Waste | Discovered new exit (range 15) 25332 | -5/Waste | Identified exit to Factory 26772 | -5/Waste | Entered Factory 26772 | -5/Factory | Accompanied by 1 ally 26772 | -5/Factory | Spotted B-75 Beast 27178 | -5/Factory | Identified exit to Upper Caves 27178 | -5/Factory | Central database locked down 27357 | -5/Factory | Fabricated Exp. Utility Shielding (x1) 27372 | -5/Factory | Fabricated Cld. Nuclear Pulse Thruster (x1) 27434 | -5/Factory | Fabricated Exp. Utility Shielding? 27466 | -5/Factory | Fabricated Exp. Hacking Suite? 27516 | -5/Factory | Entered Upper Caves 27561 | -5/Upper Caves | Learned location of 1 exit from Factory 27921 | -5/Upper Caves | Learned location of 1 exit from Factory 27922 | -5/Upper Caves | Found Alien Artifact 27923 | -5/Upper Caves | Identified Dimensional Node Initializer 27923 | -5/Upper Caves | Initialized slip node 27956 | -5/Upper Caves | Discovered new exit (range 5) 27957 | -5/Upper Caves | Identified exit to Upper Caves 28001 | -5/Upper Caves | Entered another Upper Caves area 28022 | -5/Upper Caves | Learned location of 1 exit from Factory 28022 | -5/Upper Caves | Learned Factory trap positions 28022 | -5/Upper Caves | Learned Factory garrison access intel 28059 | -5/Upper Caves | Learned Factory stockpile data 28595 | -5/Upper Caves | Discovered new exit (range 7) 28596 | -5/Upper Caves | Identified exit to Warlord 28610 | -5/Upper Caves | Entered Warlord 28622 | -5/Warlord | Discovered new exit (range 8) 28708 | -5/Warlord | Visited the Vortex Lab 28710 | -5/Warlord | Found Prototype Piercing Weapon 28710 | -5/Warlord | Identified Vortex Lance 28726 | -5/Warlord | Warlord's base attacked by MAIN.C 28742 | -5/Warlord | Found Prototype Device 28742 | -5/Warlord | Identified Exp. Phase Shifter 28759 | -5/Warlord | Found Prototype Processor 28762 | -5/Warlord | Found Prototype Reactor 28798 | -5/Warlord | Opened side exit 28878 | -5/Warlord | Identified exit to Proximity Caves 28880 | -5/Warlord | Entered Proximity Caves 28884 | -4/Proximity Caves | Learned location of 1 exit from Research 28892 | -4/Proximity Caves | Learned Research terminal intel 29144 | -4/Proximity Caves | Discovered new exit (range 16) 29148 | -4/Proximity Caves | Identified exit to Factory 29148 | -4/Proximity Caves | Entered Factory 29148 | -4/Factory | Evolved 2 slots: Utility x2 29149 | -4/Factory | Identified exit to Upper Caves 29149 | -4/Factory | Identified exit to Research 29150 | -4/Factory | Loaded intel: 89 trap records 29152 | -4/Factory | Loaded intel: 4 garrison access locations 29180 | -4/Factory | Central database locked down 29188 | -4/Factory | Identified Spectral Analyzer 29247 | -4/Factory | Local fabrication network quarantined 29275 | -4/Factory | Fabricated Exp. Signal Interpreter? 29313 | -4/Factory | Fabricated Exp. Hacking Suite? 29332 | -4/Factory | Repaired Exp. Sensor Array 29433 | -4/Factory | Repaired Imp. KE Penetrator 29501 | -4/Factory | Manually triggered Chute Trap 29501 | -4/Factory | Sucked down chute 29501 | -4/Factory | Entered Waste 29501 | -4/Waste | The area was eerily silent 29519 | -4/Waste | Discovered new exit (range 12) 29522 | -4/Waste | Identified exit to Factory 29657 | -4/Waste | Entered Factory 29678 | -4/Factory | Discovered exit to Upper Caves (range 16) 30263 | -4/Factory | Discovered exit to Research (range 12) 30566 | -4/Factory | Central database locked down 30685 | -4/Factory | Local fabrication network quarantined 30735 | -4/Factory | Fabricated Cmb. Linear Gravjet (x2) 30746 | -4/Factory | Fabricated Mni. Smartbomb Launcher (x1) 30842 | -4/Factory | Entered Upper Caves 30865 | -4/Upper Caves | Learned Research terminal intel 31013 | -4/Upper Caves | Discovered new exit (range 15) 31043 | -4/Upper Caves | Learned Research trap positions 31102 | -4/Upper Caves | Identified exit to Upper Caves 31107 | -4/Upper Caves | Entered another Upper Caves area 31129 | -4/Upper Caves | Learned location of Testing (-2) 31195 | -4/Upper Caves | Discovered exit to Research (range 16) 31404 | -4/Upper Caves | Discovered new exit (range 7) 31414 | -4/Upper Caves | Identified exit to Zhirov 31414 | -4/Upper Caves | Entered Zhirov 31414 | -4/Zhirov | Discovered new exit (range 3) 31419 | -4/Zhirov | Met Zhirov 31424 | -4/Zhirov | Learned location of Quarantine (-3) 31424 | -4/Zhirov | Learned location of Command (-1) 31426 | -4/Zhirov | Zhirov requested help retrieving the SGEMP Prototype 31434 | -4/Zhirov | Found Alien Artifact 31434 | -4/Zhirov | Identified Integrated Dissipator 31434 | -4/Zhirov | Installed Integrated Dissipator, increased core heat dissipation (+20) 31479 | -4/Zhirov | Found Alien Artifact 31489 | -4/Zhirov | Identified exit to Proximity Caves 31494 | -4/Zhirov | Entered Proximity Caves 31760 | -3/Proximity Caves | Discovered exit to Research (range 4) 31766 | -3/Proximity Caves | Entered Research 31766 | -3/Research | Evolved 2 slots: Utility x2 31767 | -3/Research | Identified exit to Research 31768 | -3/Research | Loaded intel: 94 trap records 31769 | -3/Research | Loaded intel: 19 terminal locations 31830 | -3/Research | Found Gamma Bomb Array 31987 | -3/Research | Identified exit to Armory 31987 | -3/Research | Identified exit to Quarantine 32230 | -3/Research | Discovered exit to Research (range 16) 32320 | -3/Research | Spotted B-86 Titan 32346 | -3/Research | Fabricated Exp. Force Field (x1) 32387 | -3/Research | Fabricated EM Dispersion Field (x1) 32403 | -3/Research | Fabricated Exp. Armor Integrity Analyzer? 32499 | -3/Research | Fabricated Exp. Coolant Injector (x1) 32568 | -3/Research | Local fabrication network quarantined 32608 | -3/Research | Entered Quarantine 32608 | -3/Quarantine | Accompanied by 2 allies 32620 | -3/Quarantine | Found Alien Artifact 32630 | -3/Quarantine | Found Alien Artifact 32630 | -3/Quarantine | Identified Subatomic Replicator 32781 | -3/Quarantine | Repaired Adv. Variable Charge Gun 32863 | -3/Quarantine | Identified Vortex Chain Reactor 32927 | -3/Quarantine | Found Alien Artifact 32934 | -3/Quarantine | Identified Transdimensional Reconstructor 32934 | -3/Quarantine | Identified Core Reset Matrix 32935 | -3/Quarantine | Identified Terrabomb 33088 | -3/Quarantine | Found Alien Artifact 33089 | -3/Quarantine | Identified Stasis Generator 33113 | -3/Quarantine | Used Core Reset Matrix 33117 | -3/Quarantine | Detected hypermatrix surge 33117 | -3/Quarantine | Sensed 8 artifacts in vicinity 33122 | -3/Quarantine | Discovered exit to Research (range 10) 33213 | -3/Quarantine | Found Hpw. Transdimensional Reconstructor 33215 | -3/Quarantine | Found Hpw. Transdimensional Reconstructor 33216 | -3/Quarantine | Found Hpw. Transdimensional Reconstructor 33217 | -3/Quarantine | Found Transdimensional Reconstructor 33230 | -3/Quarantine | Spotted Fortress 33246 | -3/Quarantine | Discovered new exit (range 6) 33247 | -3/Quarantine | Identified exit to Section 7 33299 | -3/Quarantine | Entered Section 7 33300 | -3/Section 7 | Sensed 20 artifacts in vicinity 33348 | -3/Section 7 | Found Integrity Redistributor 33474 | -3/Section 7 | Found Integrity Redistributor 33503 | -3/Section 7 | Found Integrated Reactor 33503 | -3/Section 7 | Installed Integrated Reactor, increased core energy generation (+10) 33532 | -3/Section 7 | Found Integrity Redistributor 33564 | -3/Section 7 | Spotted B-99 Colossus 33581 | -3/Section 7 | Found LRC Matter Compressor 33581 | -3/Section 7 | Installed LRC Matter Compressor, increased matter storage capacity (+125) 33584 | -3/Section 7 | Found LRC Insulator 33584 | -3/Section 7 | Installed LRC Insulator, gained EM resistance (25) 33588 | -3/Section 7 | Found LRC Matter Compressor 33588 | -3/Section 7 | Installed LRC Matter Compressor, increased matter storage capacity (+125) 33912 | -3/Section 7 | Found Com. Tesla Bomb Launcher 34079 | -3/Section 7 | Spotted S7 Guard 34084 | -3/Section 7 | Found Core Regenerator 34121 | -3/Section 7 | Spotted Executioner 34152 | -3/Section 7 | Used Integrity Redistributor, redistributed integrity from core (-72) 34153 | -3/Section 7 | Entered Research 34153 | -2/Research | Evolved 2 slots: Utility x2 34669 | -2/Research | Identified exit to Testing 34689 | -2/Research | Found Prototype Hackware 34690 | -2/Research | Identified Exp. System Shield 35073 | -2/Research | Spotted B-90 Cyclops 35108 | -2/Research | Spotted B-90 Cyclops 35261 | -2/Research | Fabricated Exp. Terrain Scanner (x1) 35298 | -2/Research | Fabricated Exp. Power Amplifier? 35337 | -2/Research | Local fabrication network quarantined 35339 | -2/Research | Fabricated Exp. Targeting Computer (x1) 35475 | -2/Research | Entered Testing 35496 | -2/Testing | Found Prototype Device 35496 | -2/Testing | Identified AEGIS Remote Shield 35549 | -2/Testing | Found Prototype Energy Gun 35549 | -2/Testing | Identified Warp Gun 35859 | -2/Testing | Discovered new exit (range 5) 35860 | -2/Testing | Identified exit to Access 35868 | -2/Testing | Found Prototype Device 35868 | -2/Testing | Identified Exp. Hardlight Generator 35881 | -2/Testing | Found Prototype Energy Gun 35881 | -2/Testing | Identified Tachyon Dispersion Ray 36235 | -2/Testing | Spotted PP-0TT7K218DU 36292 | -2/Testing | Fabricated Exp. Weapon Cycler? 36355 | -2/Testing | Destroyed PP-0TT7K218DU 36477 | -2/Testing | Fabricated Exp. Focal Shield (x1) 36507 | -2/Testing | Fabricated Graviton Cannon (x1) 36574 | -2/Testing | Found Prototype Protection 36574 | -2/Testing | Identified SHELL Armor 36644 | -2/Testing | Entered Access 36644 | -1/Access | Evolved 2 slots: Weapon x2 36780 | -1/Access | Build established: Machinist-Sprinter 36894 | -1/Access | First assault squad dispatched 37003 | -1/Access | Identified exit to Command 37468 | -1/Access | Entered Command 37566 | -1/Command | Disengaged cave seal 37566 | -1/Command | Assembled emerged from the dark tunnel 37648 | -1/Command | Spotted M Guard 37648 | -1/Command | Spotted Combat Programmer 37649 | -1/Command | Spotted M Guard 37649 | -1/Command | Spotted Combat Programmer 37718 | -1/Command | First assault squad dispatched 37815 | -1/Command | Repaired Exp. Utility Shielding 37821 | -1/Command | Spotted B-99 Colossus 37925 | -1/Command | Destroyed Combat Programmer 37973 | -1/Command | Destroyed M Guard 38096 | -1/Command | Destroyed 8 combat bots 38146 | -1/Command | Build established: Machinist-Mutant 38470 | -1/Command | Destroyed Combat Programmer 38709 | -1/Command | Destroyed M Guard 38709 | -1/Command | All MAIN.C guards destroyed 38867 | -1/Command | High security lockdown imminent 38894 | -1/Command | Destroyed 9 combat bots 38898 | -1/Command | Met MAIN.C 38915 | -1/Command | Destroyed MAIN.C Shell 38915 | -1/Command | 0b10 Conduit disabled 38918 | -1/Command | MAIN.C activated Command garrisons 38959 | -1/Command | Spotted Striker 38959 | -1/Command | Spotted Striker 38995 | -1/Command | Destroyed MAIN.C 39026 | -1/Command | Lost 4 parts (1p2u1w) 39076 | -1/Command | Failed to warp due to unstable space 39103 | -1/Command | Core integrity fell below 50% 39133 | -1/Command | Lost 10 parts (4n2u4w) 39189 | -1/Command | Used Core Regenerator, restored core integrity (+400) 39190 | -1/Command | Used Integrity Redistributor, redistributed integrity from core (-153) 39439 | -1/Command | Build established: Scavenger-Tank 40395 | -1/Command | Discovered new exit (range 14) 40754 | -1/Command | Build established: Scavenger-Skirmisher 41208 | -1/Command | Found Prototype Processor 41209 | -1/Command | Identified Exp. Core Analyzer 41213 | -1/Command | Found Prototype Device 41214 | -1/Command | Identified Adv. Kinecellerator 41239 | -1/Command | Spotted B-99 Colossus 41440 | -1/Command | Build established: Scavenger-Scout 41830 | -1/Command | Discovered new exit (range 27) 42286 | -1/Command | Found Exp. Targeting Computer 42371 | -1/Command | Warped through subspace to slip node 42371 | -1/Command | Discovered new exit (range 4) 42375 | -1/Command | Entered Access_0 42376 | -1/Access_0 | Sensed 4 artifacts in vicinity 42376 | -1/Access_0 | Met Architect 42377 | -1/Access_0 | System corruption reached 10% 42383 | -1/Access_0 | Architect warped through subspace 42384 | -1/Access_0 | Destroyed A8 42395 | -1/Access_0 | Subspace Access Node disabled 42412 | -1/Access_0 | Used Subatomic Replicator to replicate Core Regenerator 42413 | -1/Access_0 | Found Core Regenerator 42416 | -1/Access_0 | Used Core Regenerator, restored core integrity (+400) 42493 | -1/Access_0 | Lost 4 parts (1p1u2w) 42501 | -1/Access_0 | Subspace Access Node disabled 42513 | -1/Access_0 | A6 warped into view 42529 | -1/Access_0 | Found Prototype Processor 42572 | -1/Access_0 | A5 warped into view 42575 | -1/Access_0 | Subspace Access Node disabled 42580 | -1/Access_0 | Used Core Regenerator, restored core integrity (+400) 42582 | -1/Access_0 | Used Integrity Redistributor, redistributed integrity from core (-139) 42603 | -1/Access_0 | Lost 4 parts (1p3u) 42607 | -1/Access_0 | Subspace Access Node disabled 42609 | -1/Access_0 | Identified Exp. Signal Interpreter 42656 | -1/Access_0 | Emitted hypermatrix ping 42661 | -1/Access_0 | Assembled emerged from beneath the floor 42669 | -1/Access_0 | Core integrity fell below 20% 42675 | -1/Access_0 | Destroyed by Architect with Modified Quantum Sheargun Last Messages --------------- 42668_ Penetrated by Quantum Shear. 42668_ Penetrated by HV Slug. 42668_ HV Slug penetrates Wall. 42668_ Slug penetrates Enhanced Grunt. 42669_ as-36364 destroyed. 42670_ Penetrated by Quantum Shear. 42670_ Plasma Lance destroyed. 42670_ Enhanced Grunt destroyed. 42670_ as-12499 destroyed. 42670_ Penetrated by HV Slug. 42670_ Knocked back. 42671_ EM Dispersion Field destroyed. 42672_ Penetrated by Quantum Shear. 42672_ Cmb. Antigrav System severed. 42672_ Penetrated by Quantum Shear. 42672_ Slug penetrates Wall. 42673_ as-23977 destroyed. 42673_ Penetrated by HV Slug. 42673_ HV Slug penetrates Wall. 42675_ Penetrated by Quantum Shear. Map ----- +----------------------------------------------------+ | ????????????????????????????????????? ? ??##?### | | ???????????????????????????????#?#? ? ??######## | | ???????????????????????????????##? ? ? ??#??###### | | ???????????????????????????????#???? ?? #??### | | ?????????????????????????????????? ? ? ??#?###? | | ?????????????????????????????? ???????? ##?##### | | ????????????????????????????#???? ?##??###????# | | ???????????????????????????????#???? ???#???##?## | | ?????????????????????????#??#?##??#####??##??##? | | ???????????????????????#?#? ?#??#?##?#?#???# ? | | ??????????????????????##?? ? ? ######### ? ?? | | ???????????????????? ??#?? ? #?####?##??? ?# | | ????????????????#??? #?#? ? ? ?### #?? # | | ????????????????? ? #?#?? ###? # | | ????????????? ??#?? ?? ##### ? ? ? #?##### | | ???????????????????? #### ? ? ? | | ?????????????? ??? ??? ? ? ? | | ????????????#?? ??? ? ? ##? ? ## | | ?????????????#?? ?#?##?# ###? ####?###? ?? ## | | ???????#??? ??? ?####### #############?#### ?### | | ?????????#??##?#?#??""" % ##?##?#### ? ## ##### | | ?????????##???#???#?"%%%="##??###### ? ? ##### | | ??????? ??? #?????##"%g]!"##?####### ## ##### | | ????? ??##? ?#?#?### %!a][########## ## ?##### | | ????????????#?###### *pgg"# #;###### ### ?###?# | | ????? ???## #?#####; !0@; ; ###??####?## | | ???????? ???###### ### ; ###?###?## | | ???? ???#????## h ### ###############?#?## | | ???? ??##???##### ## ###########?###?#### | | ??????#???####### g ##### #################### | | ?? ???##?## ###=* #;##### #######?#######?#### | | ??#?? ?### #;!%! ####?#?## #################### | | ####???## Y! #?####### #######?##########?# | | # ###?## ;### ######## ##############?##### | | # ; ### ###?### ########?########### | | ## ###### ######?###### # | | "" ;; # #### ####### # | | "" ;# ## ### ####### # | | ## ## ###### ####### ### | | #?# ##### ######## ##### ## | | # #?## ######?# ######### #### ## | | #####?# ## ##### #######?# ### ###### | | ??####### ##### ######### #### ### | | ### #### ###### ######### ## ## | | # # ############ ######### ## | | ############ ######### | | ########## ######### | | ## "" ######### ## | | ?# "" #### #### ### | | # ##### ####" "###### ### ## | +----------------------------------------------------+ Best States ------------- Heat Dissipation 103 Coolant Potential 120 Energy Generation 85 Energy Capacity 1700 Matter Stores 550 Matter Capacity 550 Sight Range 24 Robot Scan Range 30 Terrain Scan Range 30 Terrain Scan Density 2010 Power Amplification 40 Additional Mass Support 16 Armor Coverage 1250 Resistance: KI 30 Resistance: TH 30 Resistance: EM 100 Utility Shielding 90 Weapon Shielding 66 Weapon Cycling 30 Phase Shifting 20 Evasion (%) 94 Targeting Accuracy 12 Core Analysis 15 Armor Integrity Analysis 90 Recoil Reduction 6 Kinecelleration 50 Salvage Targeting 2 Offensive Hacking 78 Defensive Hacking 16 Item Schematics ----------------- Exp. Terrain Scanner | -3/Quarantine | Hacked Exp. Targeting Computer | -3/Quarantine | Hacked Cmb. Linear Gravjet | -3/Quarantine | Hacked Exp. Coolant Injector | -3/Quarantine | Hacked Adv. Powered Armor | -3/Quarantine | Hacked Exp. Power Amplifier | -2/Research | Hacked Beam Splitter | -2/Research | Hacked Quantum Capacitor | -2/Research | Hacked Launcher Loader | -2/Research | Hacked Enh. Gamma Bomb Array | -2/Research | Hacked Prc. Phase Gun | -2/Research | Hacked Graviton Cannon | -2/Research | Hacked Coolant Network | -2/Research | Hacked Exp. Weapon Cycler | -2/Research | Hacked Exp. Focal Shield | -2/Testing | Hacked Antimissile System | -2/Testing | Hacked Robot Schematics ------------------ None Fabricated ------------ Exp. Sensor Array | x1 | -6/Factory Hvy. Shock Bomb Launcher | x1 | -6/Factory Powered Armor | x2 | -6/Factory Exp. Utility Shielding | x1 | -6/Factory Cld. Nuclear Pulse Thruster | x1 | -5/Factory Cld. Nuclear Pulse Thruster | x1 | -5/Factory Cld. Nuclear Pulse Thruster | x1 | -5/Factory Exp. Hacking Suite | x1 | -5/Factory Exp. Hacking Suite | x1 | -5/Factory Exp. Utility Shielding | x1 | -5/Factory Cld. Nuclear Pulse Thruster | x1 | -5/Factory Exp. Utility Shielding | x1 | -5/Factory Exp. Hacking Suite | x1 | -5/Factory Exp. Signal Interpreter | x1 | -4/Factory Exp. Hacking Suite | x1 | -4/Factory Cmb. Linear Gravjet | x2 | -4/Factory Mni. Smartbomb Launcher | x1 | -4/Factory Exp. Force Field | x1 | -3/Research EM Dispersion Field | x1 | -3/Research Exp. Armor Integrity Analyzer | x1 | -3/Research Exp. Coolant Injector | x1 | -3/Research Exp. Terrain Scanner | x1 | -2/Research Exp. Power Amplifier | x1 | -2/Research Exp. Targeting Computer | x1 | -2/Research Exp. Weapon Cycler | x1 | -2/Testing Exp. Focal Shield | x1 | -2/Testing Graviton Cannon | x1 | -2/Testing Alien Tech Used ----------------- Dimensional Node Initializer Integrated Dissipator Subatomic Replicator Stasis Generator Core Reset Matrix Integrated Reactor LRC Matter Compressor LRC Insulator Integrity Redistributor High-powered Transdimensional Reconstructor Core Regenerator Achievements -------------- 404 Behind The Curtain Superinsulated Challenges ------------ None Game ------ Seed NeutralizingGatlingExpander Manual? 0 Play Time 16:42:03 Cumulative 383.7 hours Start 2021.03.01 @ 15:17:49 End 2021.03.06 @ 12:09:56 Sessions 31 Manual Loads 0 Difficulty Rogue Special Mode None Game No. 125 Rogue 121 Adventurer 4 Explorer 0 Win Type - Total 8 Types 4/1/3/0/0/0/0/0/0 Lore% 78 Gallery% 81 Achievement% 67 Wizard Run 0 Options --------- ASCII 1 Keyboard 0 Movement Arrows Keybinds 0 Fullscreen 1 Font 18/Smallcaps Map View 76x50 Tactical HUD 1 Map Filters NONE Filters NONE Steam 1 RUN: 74390653-29fb-4dbd-ad34-ba149b38cdc6